Workbook

Sheet 帳戶資料總表
B1: 附表 一：被告吳德賢等人於95年1月1日至96年6月30日下單信音公司之證券帳戶明細資料：
D3: 註：1. | E3: 本附表「起訴書附表編號」欄列示「1-01」即代表起訴書附表一編號1，「起訴書附表編號」欄列示「2-01」即代表起訴書附表二編號1，餘請依此類推。
D4: 2. | E4: 本附表係依據財團法人中華民國櫃檯買賣中心102年9月4日證櫃交字第1020021888號函之委託成交對應資料(見原審卷OTC 102年9月4日函送委託成交對應資料卷一至四)， 按起訴書附表列示帳戶名稱依序歸納其所屬券商代號、帳號、開始交易日期，並統計其於95年1月1日至96年6月30日間買賣信音公司股票之成交買量、成交賣量、成交買價、 成交賣價等交易資料。(統計資料並未減除買賣交易產生之證券交易稅、手續費、融資利息及融券費用等資料)
D5: 3. | E5: (1)買賣量差若為 " 0 "，即買進及賣出信音股票股數相等，故買賣價差即為損益。
E6: (2)買賣量差若無 ( )，為正值，即表示有庫存信音公司股票，請參考庫存平均成本，伯明翰部分客戶庫存成本高於吳德賢等人。
E7: (3)買賣量差若為 ( )，為負值，即表示賣出大於買入信音公司股票，差異可能為借券或移轉等情形，損益暫時無法判斷。
E8: (4) 庫存平均每股成本若為負數，即表示此帳戶成交賣價己完全收回成本，買賣價差即為該帳戶出售信音公司股票之己實現利益，買賣量差即為該帳戶無成本之庫存信音公司 股數。
A9: 編號 | B9: 起訴書 附表編號 | C9: 帳戶名稱 | D9: 帳戶 身份 | E9: 證券公司 | F9: 券商代號 | G9: 帳號 | H9: 開 始 交易日期 | I9: 起訴書附 表 | J9: 被告吳德賢等人使用之38人共53 證 券 帳 戶 | K9: 供 述 證 據 及 非 供 述 證 據 | L9: 成交買量 (仟股) A | M9: 成交賣量 (仟股) B | N9: 成交買價 (新台幣元) C | O9: 成交賣價 (新台幣元) D | P9: 買賣量差 E=A-B | Q9: 買賣價差 F=D-C | R9: 庫存平均 每股成本 G=-F/E/1000
A10: 1 | B10: 1-01 | C10: 吳德賢 | D10: 被告 | E10: 大永證券 | F10: 7323 | G10: 652358 | H10: 950320 | I10: 未列 | J10: 是 | K10: ●吳德賢稱大永證券7323652358係與金鼎證券582e5652358係同一帳號。(請見本院卷五第180頁，吳德賢刑事答辯三狀) ●吳德賢稱：「…是我名字就一定是我用」。(請見本院卷七第83頁反面面) | L10: =[1]帳戶交易資料按人別帳號日期排序加總!R150 -> 570 | M10: =[1]帳戶交易資料按人別帳號日期排序加總!S150 -> 55 | N10: =[1]帳戶交易資料按人別帳號日期排序加總!T150 -> 17905550 | O10: =[1]帳戶交易資料按人別帳號日期排序加總!U150 -> 1942750 | P10: =L10-M10 -> 515 | Q10: =O10-N10 -> -15962800 | R10: =-Q10/P10/1000 -> 30.995728
A11: 2 | E11: 統一南京 | F11: 585U | G11: 442868 | H11: 950505 | I11: 列入 | J11: 是 | L11: =[1]帳戶交易資料按人別帳號日期排序加總!R859 -> 982 | M11: =[1]帳戶交易資料按人別帳號日期排序加總!S859 -> 226 | N11: =[1]帳戶交易資料按人別帳號日期排序加總!T859 -> 36607750 | O11: =[1]帳戶交易資料按人別帳號日期排序加總!U859 -> 7766950 | P11: =L11-M11 -> 756 | Q11: =O11-N11 -> -28840800 | R11: =-Q11/P11/1000 -> 38.149206
A12: 3 | E12: 亞東證券 | F12: 2180 | G12: 190456 | H12: 951013 | I12: 列入 | J12: 是 | L12: =[1]帳戶交易資料按人別帳號日期排序加總!R347 -> 478 | M12: =[1]帳戶交易資料按人別帳號日期排序加總!S347 -> 422 | N12: =[1]帳戶交易資料按人別帳號日期排序加總!T347 -> 24539100 | O12: =[1]帳戶交易資料按人別帳號日期排序加總!U347 -> 22342400 | P12: =L12-M12 -> 56 | Q12: =O12-N12 -> -2196700 | R12: =-Q12/P12/1000 -> 39.226786
A13: 4 | E13: 金鼎證券 | F13: 582e | G13: 5652358 | H13: 951206 | I13: 未列 | J13: 是 | L13: =[1]帳戶交易資料按人別帳號日期排序加總!R479 -> 105 | M13: =[1]帳戶交易資料按人別帳號日期排序加總!S479 -> 197 | N13: =[1]帳戶交易資料按人別帳號日期排序加總!T479 -> 7796200 | O13: =[1]帳戶交易資料按人別帳號日期排序加總!U479 -> 12980200 | P13: =L13-M13 -> -92 | Q13: =O13-N13 -> 5184000 | R13: 0
A14: 5 | B14: 1-02 | C14: 黃瓊儀 | D14: 被告 吳德賢配偶 | E14: 群益天母 | F14: 527N | G14: 51687 | H14: 950320 | I14: 列入 | J14: 是 | K14: ●吳德賢稱係其個人使用。(請見本院卷五第180頁，吳德賢刑事答辯三狀) | L14: =[1]帳戶交易資料按人別帳號日期排序加總!R1027 -> 441 | M14: =[1]帳戶交易資料按人別帳號日期排序加總!S1027 -> 163 | N14: =[1]帳戶交易資料按人別帳號日期排序加總!T1027 -> 19184400 | O14: =[1]帳戶交易資料按人別帳號日期排序加總!U1027 -> 10819400 | P14: =L14-M14 -> 278 | Q14: =O14-N14 -> -8365000 | R14: =-Q14/P14/1000 -> 30.089928
A15: 6 | E15: 元大大安 | F15: 983N | G15: 8058426 | H15: 950322 | I15: 未列 | J15: 否 | K15: ●吳德賢稱此二帳號係黃瓊儀個人使用，並非其使用。(請見本院卷五第180頁，吳德賢刑事答辯三狀、本院卷七 第84頁) ●另據本院統計於95/1/1~96/6/30間，此二帳戶僅買賣10張信音公司股票。 | L15: =[1]帳戶交易資料按人別帳號日期排序加總!R1036 -> 10 | M15: =[1]帳戶交易資料按人別帳號日期排序加總!S1036 -> 10 | N15: =[1]帳戶交易資料按人別帳號日期排序加總!T1036 -> 253000 | O15: =[1]帳戶交易資料按人別帳號日期排序加總!U1036 -> 550000 | P15: =L15-M15 -> 0 | Q15: =O15-N15 -> 297000 | R15: 0
A16: 7 | E16: 寶來天母 | F16: 9796 | G16: 208298 | H16: 950920 | I16: 未列 | J16: 否 | L16: =[1]帳戶交易資料按人別帳號日期排序加總!R871 -> 0 | M16: =[1]帳戶交易資料按人別帳號日期排序加總!S871 -> 0 | N16: =[1]帳戶交易資料按人別帳號日期排序加總!T871 -> 0 | O16: =[1]帳戶交易資料按人別帳號日期排序加總!U871 -> 0 | P16: =L16-M16 -> 0 | Q16: =O16-N16 -> 0 | R16: 0
A17: 8 | B17: 1-03 | C17: 黃啟源 | D17: 被告 吳德賢妻弟 | E17: 統一南京 | F17: 585U | G17: 437161 | H17: 950321 | I17: 列入 | J17: 是 | K17: ●吳德賢稱：「...黃啟源帳戶是我在使用的。」(請見原審卷一第88頁、本院卷五第180頁，吳德賢刑事答辯三狀) | L17: =[1]帳戶交易資料按人別帳號日期排序加總!R1219 -> 553 | M17: =[1]帳戶交易資料按人別帳號日期排序加總!S1219 -> 203 | N17: =[1]帳戶交易資料按人別帳號日期排序加總!T1219 -> 27353500 | O17: =[1]帳戶交易資料按人別帳號日期排序加總!U1219 -> 14322200 | P17: =L17-M17 -> 350 | Q17: =O17-N17 -> -13031300 | R17: =-Q17/P17/1000 -> 37.232286
A18: 9 | B18: 1-04 | C18: 李彩鳳 | D18: 被告吳德賢母親 | E18: 統一南京 | F18: 585U | G18: 391388 | H18: 950310 | I18: 列入 | J18: 是 | K18: ●吳德賢稱：「我母親…，我使用的是亞東跟統一帳戶」(請見原審卷一第88頁、本院卷五第180頁反面，吳德賢刑事 答辯三狀) | L18: =[1]帳戶交易資料按人別帳號日期排序加總!R2962 -> 1101 | M18: =[1]帳戶交易資料按人別帳號日期排序加總!S2962 -> 811 | N18: =[1]帳戶交易資料按人別帳號日期排序加總!T2962 -> 42863300 | O18: =[1]帳戶交易資料按人別帳號日期排序加總!U2962 -> 48583600 | P18: =L18-M18 -> 290 | Q18: =O18-N18 -> 5720300 | R18: =-Q18/P18/1000 -> -19.725172
A19: 10 | E19: 亞東證券 | F19: 2180 | G19: 109861 | H19: 950314 | I19: 列入 | J19: 是 | K19: ●吳德賢稱：「我母親…，我使用的是亞東跟統一帳戶」。(請見原審卷一第88頁) ●吳德賢稱係其母親李彩鳳個人使用。(請見本院卷五第180頁反面，吳德賢刑事答辯三狀) ●(問：你母親亞東帳戶是你使用，有何意見?)亞東我有用，但是有時候我媽媽想賣就會賣掉一些，我不確定是在亞 東或統一南京，剛才法官提示的時間點確實是我使用。(請見本院卷七第84頁反面) | L19: =[1]帳戶交易資料按人別帳號日期排序加總!R1602 -> 1049 | M19: =[1]帳戶交易資料按人別帳號日期排序加總!S1602 -> 800 | N19: =[1]帳戶交易資料按人別帳號日期排序加總!T1602 -> 41799700 | O19: =[1]帳戶交易資料按人別帳號日期排序加總!U1602 -> 49517400 | P19: =L19-M19 -> 249 | Q19: =O19-N19 -> 7717700 | R19: =-Q19/P19/1000 -> -30.994779
A20: 11 | B20: 1-04 | C20: 李彩鳳 | D20: 被告吳德賢母親 | E20: 大華證券 | F20: 5720 | G20: 6325598 | H20: 950316 | I20: 列入 | J20: 是 | K20: ●吳德賢稱此帳戶係其母親李彩鳳個人使用。(請見本院卷五第180頁反面，吳德賢刑事答辯三狀) ●惟本院審視吳德賢使用其本人帳戶、黃瓊儀群益天母帳戶、黃啟源統一南京帳戶及李彩鳳統一帳戶交易關聯性 ，有以 下委託時間相近情形，例： (1))95年3月20日，李彩鳳大華帳戶在12：56：01：20下單委託買進信音公司股票30張，隨即在12：57：41：31黃瓊儀 群益天母(即券商代號527N帳號51687)帳號亦委託買進10張信音公司股票。(請見本院卷六第5頁) (2) 95年3月22日，李彩鳳大華帳戶在9：24：39：62下單委託進信音公司股票20張，隨即在9：26：43：25吳德賢 大永證券(即券商代號7323帳號652358)亦下單委託買進10張信音公司股票。又同日， 吳德賢於9:36:49:49使用 黃啟源統一南京(即券商代號585U帳號437161)下單買進10張信音公司股票，而李彩鳳大華帳戶隨即在 9：37：18：63下單委託進信音公司股票30張，另吳德賢隨即在9：37：59：12使用同上黃啟源帳戶下單委託 買進15張信音公司股票。(請見本院卷六第5頁反面) (3)另查，李彩鳳大華帳戶在95年3月20日、22日、29日、31日、4月26日、5月4日、5日、6月5日、7日、9日…， 與吳德賢使用下單帳戶多有委託時間相近情事。(請見本院卷六第5頁至43頁) (4)李彩鳳大華帳戶亦是其四個帳戶中買進張數最多之帳戶。 ●另查李彩鳳大華證券帳戶使用之： 1. 大華證券存摺，券商代號5720，帳號6325598，在伯明翰公司被查扣。(扣押物編號：1-3 扣押物名稱 ：存摺)(第1本期間91/09/19~96/01/29)(第2本期間96/01/30~97/10/23) 2. 大華交割使用世華銀行永和分行證券戶活儲存摺2本，存款帳號009-55-032559-1，亦在伯明翰公司同時 被查扣(扣押物編號：1-2 扣押物名稱：存摺)(第1本期間91/09/19~96/01/29)(第2本期間96/01/30~97/10/23) | L20: =[1]帳戶交易資料按人別帳號日期排序加總!R2304 -> 1122 | M20: =[1]帳戶交易資料按人別帳號日期排序加總!S2304 -> 992 | N20: =[1]帳戶交易資料按人別帳號日期排序加總!T2304 -> 48154300 | O20: =[1]帳戶交易資料按人別帳號日期排序加總!U2304 -> 63096200 | P20: =L20-M20 -> 130 | Q20: =O20-N20 -> 14941900 | R20: =-Q20/P20/1000 -> -114.93769
K21: ●本院檢視李彩鳳大華證券交割使用世華銀行永和分行證券戶活儲存摺，存款帳號009-55-032559-1， (扣押物編號：1-2 扣押物名稱：存摺)存提記錄，發現： (1) 該帳戶平常均為交割股款使用，偶有利息及轉帳存入與支出，自95年4月份起可見由吳德賢可掌控李彩鳳 之統一南京證券戶之交割銀行(即國泰世華銀行復興分行018-55-439138-5)帳戶(請見扣押物編號：1-2 扣押物 名稱： 存摺)，電子轉出以下金額至李彩鳳大華證券交割使用世華銀行永和分行證券戶活儲存摺，存款帳號 009-55-032559-1： (A)95年4月20日金額100萬 (B)95年6月5日金額200萬 (C)95年6月6日電子轉入100萬 以上合計400萬， ，且雙方帳戶可相互勾稽確認。 (2)另查大華證券帳戶，券商代號5720，帳號6325598(扣押物編號：1-3 扣押物名稱：存摺)，該帳戶自95年10月 3日開始賣出(之前僅有買入未曾賣出)信音公司股票70張(即仟股，下同)、95年10月18日賣出55張、96年1月16 日賣出50張、96年1月18日賣出400張、96年1月22日賣出120張、96年3月8日賣出88張、96年3月9日賣出10張、 96年3月13日賣出10張、96年3月15日賣出102張，自95年10月18日開始賣出後，截至96年3月15日己賣出905張 ，中間雖有買回300餘張，仍是賣出量大於買回量，而大華證券交割使用世華銀行永和分行證券戶活儲存摺， 存款帳號009-55-032559-1 (扣押物編號：1-2 扣押物名稱：存摺)，自存摺可檢視最早日期91/9/19至95/10/29 均未曾轉出款項至吳德賢私人帳戶，亦開始轉出予吳德賢明細如下： (A)95年10月30日電子轉出吳德賢100萬 (B)96年2月13日電子轉出吳德賢100萬 (C)96年3月5日電子轉出吳德賢200萬 (D)96年3月22日電子轉出吳德賢150萬 (E)96年3月29日電子轉出吳德賢200萬 (F)96年7月13日電子轉出吳德賢200萬 (G)96年8月13日電子轉出吳德賢200萬 (H)96年8月14日電子轉出吳德賢300萬 (I) 96年9月26日電子轉出吳德賢300萬 (J) 96年9月28日電子轉出吳德賢300萬 (K) 96年11月1日電子轉出吳德賢300萬 以上合計2350萬
A22: 12 | E22: 群益新莊 | F22: 527E | G22: 89849 | H22: 950321 | I22: 列入 | J22: 否 | K22: ●吳德賢稱係其母親個人使用。(請見本院卷五第180頁反面，吳德賢刑事答辯三狀) ●另據本院統計於95/1/1~96/6/30間，此帳戶僅買80餘張信音公司股票。 | L22: =[1]帳戶交易資料按人別帳號日期排序加總!R2420 -> 85 | M22: =[1]帳戶交易資料按人別帳號日期排序加總!S2420 -> 45 | N22: =[1]帳戶交易資料按人別帳號日期排序加總!T2420 -> 4019200 | O22: =[1]帳戶交易資料按人別帳號日期排序加總!U2420 -> 2558500 | P22: =L22-M22 -> 40 | Q22: =O22-N22 -> -1460700 | R22: =-Q22/P22/1000 -> 36.5175
A23: 13 | B23: 1-05 | C23: 陳文棋 | D23: 伯明翰客戶 | E23: 群益天母 | F23: 527N | G23: 33359 | H23: 950417 | I23: 未列 | J23: 否 | K23: ●徐桂森稱非伯明翰公司使用。(請見本院卷五第176頁，徐桂森及吳昌恆105/9/29刑事陳報狀) ●吳德賢稱係客戶個人使用。(請見本院卷五第180頁反面，吳德賢刑事答辯三狀) | L23: =[1]帳戶交易資料按人別帳號日期排序加總!R3200 -> 10 | M23: =[1]帳戶交易資料按人別帳號日期排序加總!S3200 -> 0 | N23: =[1]帳戶交易資料按人別帳號日期排序加總!T3200 -> 362500 | O23: =[1]帳戶交易資料按人別帳號日期排序加總!U3200 -> 0 | P23: =L23-M23 -> 10 | Q23: =O23-N23 -> -362500 | R23: =-Q23/P23/1000 -> 36.25
A24: 14 | E24: 寶來天母 | F24: 9796 | G24: 204182 | H24: 950510 | I24: 列入 | J24: 是 | K24: ●陳文棋稱：「...我大概是在94年間委託伯明翰代操，我當初應該是跟周仕昌接觸，並簽訂代操合約，額度是 新台幣500萬，...，我提供我個人設於寶來證券天母分公司的證券帳戶給伯明翰公司使用，...，我是全權委託...， 我記得信音股票是賠的...，我們約定的報酬是獲利的兩成。 」、(問：據查，95年7月27日至96年1月30日間，你設 於寶來證券天母分公司的證券帳戶有頻繁買賣信音公司股票的情形，係由何人下單決定買賣信音公司股票?) 是伯明翰公司的人員下單的。 (請見調查局卷證據一：筆錄卷 第220頁至221頁) ●徐桂森稱起訴書附表一編號5至8、11、12、20、21、22、24、25、27、30、34、35是伯明翰公司之客戶帳戶...。 (請見原審卷一第88頁反面) ●周仕昌稱除了邱議瑩及何明龍外，和起訴書犯罪事實一(一)所記載信音公司等51位投資人接觸過，我會去跟客戶 說我們公司看好哪些公司。(請見原審卷一第79頁至第79頁反面) ●吳德賢稱係伯明翰公司代操帳戶。(請見本院卷五第180頁反面，吳德賢刑事答辯三狀) | L24: =[1]帳戶交易資料按人別帳號日期排序加總!R3190 -> 9989 | M24: =[1]帳戶交易資料按人別帳號日期排序加總!S3190 -> 6322 | N24: =[1]帳戶交易資料按人別帳號日期排序加總!T3190 -> 369750800 | O24: =[1]帳戶交易資料按人別帳號日期排序加總!U3190 -> 394137200 | P24: =L24-M24 -> 3667 | Q24: =O24-N24 -> 24386400 | R24: =-Q24/P24/1000 -> -6.6502318
A25: 15 | B25: 1-06 | C25: 嚴亮姬 | D25: 伯明翰客戶 | E25: 群益證券 | F25: 527v | G25: 172981 | H25: 960118 | I25: 未列 | J25: 否 | K25: ●徐桂森稱非伯明翰公司使用。(請見本院卷五第176頁，徐桂森及吳昌恆105/9/29刑事陳報狀) ●吳德賢稱係客戶個人使用。(請見本院卷五第180頁反面，吳德賢刑事答辯三狀) | L25: =[1]帳戶交易資料按人別帳號日期排序加總!R3360 -> 80 | M25: =[1]帳戶交易資料按人別帳號日期排序加總!S3360 -> 30 | N25: =[1]帳戶交易資料按人別帳號日期排序加總!T3360 -> 4681750 | O25: =[1]帳戶交易資料按人別帳號日期排序加總!U3360 -> 1823350 | P25: =L25-M25 -> 50 | Q25: =O25-N25 -> -2858400 | R25: =-Q25/P25/1000 -> 57.168
A26: 16 | E26: 寶來天母 | F26: 9796 | G26: 214538 | H26: 960123 | I26: 列入 | J26: 否 | K26: ●徐桂森稱我可以確認的客戶有：...嚴亮姬...。(請見原審卷一第79頁至第79頁反面) ●吳德賢稱係伯明翰公司代操帳戶。(請見本院卷五第180頁反面，吳德賢刑事答辯三狀) ●寶來證券營業員劉秀君稱對嚴亮姬授權被告吳德賢下單買賣有印象，但有時候自己下。 (請見本院卷四第10頁 反面至至第11頁) | L26: =[1]帳戶交易資料按人別帳號日期排序加總!R3230 -> 55 | M26: =[1]帳戶交易資料按人別帳號日期排序加總!S3230 -> 25 | N26: =[1]帳戶交易資料按人別帳號日期排序加總!T3230 -> 3857600 | O26: =[1]帳戶交易資料按人別帳號日期排序加總!U3230 -> 1390900 | P26: =L26-M26 -> 30 | Q26: =O26-N26 -> -2466700 | R26: =-Q26/P26/1000 -> 82.223333
A27: 17 | E27: 統一汐止 | F27: 585R | G27: 124639 | H27: 960316 | I27: 未列 | J27: 否 | K27: ●徐桂森稱非伯明翰公司使用。(請見本院卷五第176頁，徐桂森及吳昌恆105/9/29刑事陳報狀) ●吳德賢稱係客戶個人使用。(請見本院卷五第180頁反面，吳德賢刑事答辯三狀) | L27: =[1]帳戶交易資料按人別帳號日期排序加總!R3371 -> 10 | M27: =[1]帳戶交易資料按人別帳號日期排序加總!S3371 -> 10 | N27: =[1]帳戶交易資料按人別帳號日期排序加總!T3371 -> 663500 | O27: =[1]帳戶交易資料按人別帳號日期排序加總!U3371 -> 691000 | P27: =L27-M27 -> 0 | Q27: =O27-N27 -> 27500 | R27: 0
A28: 18 | B28: 1-07 | C28: 楊奕萱 | D28: 伯明翰客戶 | E28: 寶來天母 | F28: 9796 | G28: 201208 | H28: 950323 | I28: 列入 | J28: 是 | K28: ●「(問楊超群(楊奕萱父)：95年7月至96年1月間，...江念錡、楊奕萱證券帳戶曾經買賣上櫃股票交易信音股份有限 公司 ，請問經過詳情? )...，這是我委託伯明翰公司吳德賢代操時，由伯明翰公司的人下單買賣...。將楊奕萱及 江念錡的證券帳戶交給伯明翰吳德賢代操。」、「寶來是劉秀君， 中信是王霈蓮，由伯明翰下單，每個人資金 1000萬。」(請見調查局卷證據一：筆錄卷第270頁至第272頁) ●吳德賢稱係伯明翰公司代操帳戶。(請見本院卷五第180頁反面，吳德賢刑事答辯三狀) ●徐桂森稱起訴書附表一編號5至8係伯明翰公司之客戶帳戶。(請見原審卷一88反面) | L28: =[1]帳戶交易資料按人別帳號日期排序加總!R3899 -> 370 | M28: =[1]帳戶交易資料按人別帳號日期排序加總!S3899 -> 394 | N28: =[1]帳戶交易資料按人別帳號日期排序加總!T3899 -> 13705350 | O28: =[1]帳戶交易資料按人別帳號日期排序加總!U3899 -> 21593200 | P28: =L28-M28 -> -24 | Q28: =O28-N28 -> 7887850 | R28: 0
A29: 19 | E29: 中信證券 | I29: 列入 | J29: 否 | K29: ●起訴書有列此帳戶，惟依財團法人中華民國櫃檯買賣中心102年9月4日證櫃交字第1020021888號函資料期間並無 任何買賣信音公司股票交易資料。 | L29: 0 | M29: 0 | N29: 0 | O29: 0 | P29: 0 | Q29: 0 | R29: 0
A30: 20 | B30: 1-08 | C30: 江念錡 | D30: 伯明翰客戶 | E30: 中信證券 | F30: 565A | G30: 96498 | H30: 951220 | I30: 列入 | J30: 是 | K30: ●「(問楊超群(楊奕萱父)：95年7月至96年1月間，...江念錡、楊奕萱證券帳戶曾經買賣上櫃股票交易信音股份有限 公司 ，請問經過詳情? )...，這是我委託伯明翰公司吳德賢代操時，由伯明翰公司的人下單買賣...。將楊奕萱及 江念錡的證券帳戶交給伯明翰吳德賢代操。」、「寶來是劉秀君， 中信是王霈蓮，由伯明翰下單，每個人資金 1000萬。」(請見調查局卷證據一：筆錄卷第270頁至第272頁)(楊超群至調查局卷作筆錄時，江念錡有一同前往) ● 吳德賢稱：「我有使用...，客戶的部分有使用楊超群提供的楊奕萱及江念錡的證券帳戶...」 (請見調查局卷證據一 ：筆錄卷第68頁至第70頁) ● 徐桂森稱起訴書附表一編號5至8係伯明翰公司之客戶帳戶(請見原審卷一88反面) ● 吳德賢稱係客戶個人使用。(請見本院卷五第180頁反面，吳德賢刑事答辯三狀) ● 另扣押物編號35：吳昌恒隨身碟目錄、路徑\客戶檔案 022008檔案目錄及內含OLD頁面工作表、010207頁面工 作表、011907頁面工作表及061307等頁面工作表之螢幕擷取畫面及完整工作表頁面列印資料均顯示： 「"楊超群(楊董)江念錡"、電話欄及傳真-EMAIL欄均列示"同上"(上一客戶為楊奕萱)及"中信-王霈蓮 、02-8712- 0499(速撥121)、02-8712-0002(速撥122)、0927-628-990"」等字樣，顯示江念錡中信帳戶確係伯明翰公司代操客戶 帳戶之一。（請見本院卷八第209頁至第217頁） | L30: =[1]帳戶交易資料按人別帳號日期排序加總!R3966 -> 205 | M30: =[1]帳戶交易資料按人別帳號日期排序加總!S3966 -> 0 | N30: =[1]帳戶交易資料按人別帳號日期排序加總!T3966 -> 17192300 | O30: =[1]帳戶交易資料按人別帳號日期排序加總!U3966 -> 0 | P30: =L30-M30 -> 205 | Q30: =O30-N30 -> -17192300 | R30: =-Q30/P30/1000 -> 83.864878
A31: 21 | B31: 1-09 | C31: 陳欽約 | D31: 伯明翰客戶 | E31: 康和證券 復興北路 | F31: 8450 | G31: 1351148 | H31: 950519 | I31: 列入 | J31: 是 | K31: ●95年4、5月經由康和證券胡文傑介紹，便在康和證券開設證券帳戶，並投入1000萬委託吳德賢代操，買賣完全由 其決定，若有獲利需繳20%作為績效獎金，另外再收取委託金額1%的費用作為管理費。一般維持在持有10檔左右 的股票，但一定會有信音公司的股票，買賣最多的也是信音，但我沒有干涉他們的下單。期間因為績效不錯，吳 德賢有要求先結算，扣除績效獎金約還賺300萬元，我又將300萬連同本金1000萬於結算後再繼續委託吳德賢操作 。95年12月給伯明翰79萬5千多元，96年6月給29萬1618元，於96年上半年解約，並將帳戶中所有股票出清，結餘約 在1300萬左右。(請見調查局卷證據一：筆錄卷第295頁至第296頁、100偵7486卷二第46頁至第48頁) ●吳德賢稱係伯明翰公司代操帳戶。(請見本院卷五第180頁反面，吳德賢刑事答辯三狀) | L31: =[1]帳戶交易資料按人別帳號日期排序加總!R4140 -> 211 | M31: =[1]帳戶交易資料按人別帳號日期排序加總!S4140 -> 223 | N31: =[1]帳戶交易資料按人別帳號日期排序加總!T4140 -> 9309800 | O31: =[1]帳戶交易資料按人別帳號日期排序加總!U4140 -> 12305900 | P31: =L31-M31 -> -12 | Q31: =O31-N31 -> 2996100 | R31: 0
A32: 22 | E32: 永豐證券 | F32: 5510 | G32: 346136 | H32: 951004 | I32: 未列 | J32: 否 | K32: ●吳德賢稱係客戶個人使用。(請見本院卷五第180頁反面，吳德賢刑事答辯三狀) | L32: =[1]帳戶交易資料按人別帳號日期排序加總!R3981 -> 39 | M32: =[1]帳戶交易資料按人別帳號日期排序加總!S3981 -> 0 | N32: =[1]帳戶交易資料按人別帳號日期排序加總!T3981 -> 2062700 | O32: =[1]帳戶交易資料按人別帳號日期排序加總!U3981 -> 0 | P32: =L32-M32 -> 39 | Q32: =O32-N32 -> -2062700 | R32: =-Q32/P32/1000 -> 52.889744
A33: 23 | B33: 1-10 | C33: 蔡萬俊 | D33: 伯明翰客戶 | E33: 富邦台東 | F33: 9608 | G33: 26911 | H33: 950503 | I33: 列入 | J33: 否 | K33: ●富邦台東營業員羅淯心證稱蔡萬俊帳戶確定係其本人下單。(請見本院卷五第25頁) ●吳德賢稱係客戶個人使用。(請見本院卷五第180頁反面，吳德賢刑事答辯三狀) | L33: =[1]帳戶交易資料按人別帳號日期排序加總!R4189 -> 50 | M33: =[1]帳戶交易資料按人別帳號日期排序加總!S4189 -> 56 | N33: =[1]帳戶交易資料按人別帳號日期排序加總!T4189 -> 1815700 | O33: =[1]帳戶交易資料按人別帳號日期排序加總!U4189 -> 2006400 | P33: =L33-M33 -> -6 | Q33: =O33-N33 -> 190700 | R33: 0
A34: 24 | E34: 康和證券 復興北路 | F34: 8450 | G34: 1350291 | H34: 960321 | I34: 列入 | J34: 否 | K34: ●90年台東寶來營業員吳文傑轉到台北康和證券工作，由他介紹一位代操人員，後來才知係伯明翰公司人員，雙 方無簽訂契約書，提供第一銀行帳戶(???)供其代為下單，陸續委託金額約1千多萬元，約定獲利伯明翰要抽15% ~20%佣金，伯明翰事前有告知要買信音股票，一年以後發現虧損很多，超過七佰萬以上，遂與其解約。(請見調 查局卷證據一：筆錄卷第222頁至第225頁) ●吳德賢稱係客戶個人使用，原審亦己認定客戶個人使用。(請見本院卷五第180頁反面，吳德賢刑事答辯三狀) ●經本院統計95/1/1~96/6/30間，蔡萬俊帳戶購買信音公司股票己超過4千餘萬，與本人供述委託金額約1千多萬差異 甚大。 | L34: =[1]帳戶交易資料按人別帳號日期排序加總!R4151 -> 621 | M34: =[1]帳戶交易資料按人別帳號日期排序加總!S4151 -> 0 | N34: =[1]帳戶交易資料按人別帳號日期排序加總!T4151 -> 43260500 | O34: =[1]帳戶交易資料按人別帳號日期排序加總!U4151 -> 0 | P34: =L34-M34 -> 621 | Q34: =O34-N34 -> -43260500 | R34: =-Q34/P34/1000 -> 69.662641
A35: 25 | B35: 1-11 | C35: 蔡萬忠 | D35: 伯明翰客戶 | E35: 大華台東 | F35: 572A | G35: 2529 | H35: 950331 | I35: 列入 | J35: 否 | K35: ●蔡萬俊稱其弟蔡萬忠亦有委託伯明翰代操，但詳情不知。(請見調查局卷證據一：筆錄卷第222頁至第225頁) ●吳德賢稱係客戶個人使用，原審亦己認定客戶個人使用。(請見本院卷五第180頁反面，吳德賢刑事答辯三狀) | L35: =[1]帳戶交易資料按人別帳號日期排序加總!R4492 -> 165 | M35: =[1]帳戶交易資料按人別帳號日期排序加總!S4492 -> 126 | N35: =[1]帳戶交易資料按人別帳號日期排序加總!T4492 -> 6617400 | O35: =[1]帳戶交易資料按人別帳號日期排序加總!U4492 -> 3729600 | P35: =L35-M35 -> 39 | Q35: =O35-N35 -> -2887800 | R35: =-Q35/P35/1000 -> 74.046154
A36: 26 | E36: 台証台東 | F36: 9465 | G36: 439 | H36: 950411 | I36: 列入 | J36: 否 | K36: ●蔡萬俊稱其弟蔡萬忠亦有委託伯明翰代操，但詳情不知。(請見調查局卷證據一：筆錄卷第222頁至第225頁) ●吳德賢稱係客戶個人使用。(請見本院卷五第180頁反面，吳德賢刑事答辯三狀) ●吳德賢稱編號11是公司的客戶。(請見原審卷一第88頁) ●徐桂森稱起訴書附表一編號5至8、11、12、20、21、22、24、25、27、30、34、35是伯明翰公司之客戶帳戶 (請見原審卷一第88頁反面) ●吳德賢稱係客戶個人使用。(請見本院卷五第180頁反面，吳德賢刑事答辯三狀) ● 另扣押物編號35：吳昌恒隨身碟目錄、路徑\客戶檔案 022008檔案目錄及內含OLD頁面工作表、010207頁面工 作表、011907頁面工作表及061307等頁面工作表之螢幕擷取畫面及完整工作表頁面列印資料均顯示： 「"蔡萬忠"、電話欄列示"02-28285578"、傳真-EMAIL欄列示"t3236@ms21.hinet.net"及"康和-黃淑芬 、02-87611229 (速撥105)"、 02- 27659420(速撥123)、0933-029-645」等字樣，顯示伯明翰公司係使用康和證券帳戶並非台証証 券台東分公司帳戶（請見本院卷八第209頁至第217頁） | L36: =[1]帳戶交易資料按人別帳號日期排序加總!R4420 -> 335 | M36: =[1]帳戶交易資料按人別帳號日期排序加總!S4420 -> 198 | N36: =[1]帳戶交易資料按人別帳號日期排序加總!T4420 -> 15955700 | O36: =[1]帳戶交易資料按人別帳號日期排序加總!U4420 -> 7366950 | P36: =L36-M36 -> 137 | Q36: =O36-N36 -> -8588750 | R36: =-Q36/P36/1000 -> 62.691606
A37: 27 | E37: 康和證券 復興北路 | I37: 列入 | J37: 否 | K37: ●起訴書有列此帳戶，惟依財團法人中華民國櫃檯買賣中心102年9月4日證櫃交字第1020021888號函資料期間並無 任何買賣信音公司股票交易資料。 | L37: =[1]帳戶交易資料按人別帳號日期排序加總!R28245 -> 0 | M37: 0 | N37: =[1]帳戶交易資料按人別帳號日期排序加總!T28245 -> 0 | O37: 0 | P37: =[1]帳戶交易資料按人別帳號日期排序加總!V28245 -> 0 | Q37: =[1]帳戶交易資料按人別帳號日期排序加總!W28245 -> 0 | R37: 0
A38: 28 | E38: 富邦台東 | F38: 9608 | G38: 26018 | H38: 960118 | I38: 未列 | J38: 否 | K38: ●富邦台東營業員羅淯心證稱蔡萬忠帳戶係其本人使用網路下單。(請見本院卷五第25頁) ●吳德賢稱係客戶個人使用。(請見本院卷五第181頁，吳德賢刑事答辯三狀) | L38: =[1]帳戶交易資料按人別帳號日期排序加總!R4438 -> 34 | M38: =[1]帳戶交易資料按人別帳號日期排序加總!S4438 -> 10 | N38: =[1]帳戶交易資料按人別帳號日期排序加總!T4438 -> 2274100 | O38: =[1]帳戶交易資料按人別帳號日期排序加總!U4438 -> 716000 | P38: =L38-M38 -> 24 | Q38: =O38-N38 -> -1558100 | R38: =-Q38/P38/1000 -> 64.920833
A39: 29 | B39: 1-12 | C39: 劉紹毅 | D39: 伯明翰客戶 | E39: 康和證券 復興北路 | F39: 8450 | G39: 1353531 | H39: 950925 | I39: 列入 | J39: 是 | K39: ●95年8、9月間，由康和證券營業員胡文傑介紹伯明翰代操，提供康和84501353531帳戶及資金最多時約超過六千 萬元供代操使用，本人有時也會使用前述帳戶下單，但從沒使用該帳戶買賣過信音，信音股價下跌後，吳德賢 就避不見面，最後損失約數千萬元。(請見調查局卷證據一：筆錄卷第200頁至第201頁) ●劉紹毅原審證稱出入甚大。(請見原審卷五第138頁至第143頁) ●吳德賢稱係伯明翰公司代操帳戶，另證人103年6月11日也證稱自身也會下單。(請見本院卷五第181頁，吳德賢刑 事答辯三狀) ●96/2/5仍有其高買信音交易紀錄，最後一筆係96/2/7買入信音股票，截至96/6/30均未賣出， 買入成本計四千餘萬。 | L39: =[1]帳戶交易資料按人別帳號日期排序加總!R4708 -> 623 | M39: =[1]帳戶交易資料按人別帳號日期排序加總!S4708 -> 0 | N39: =[1]帳戶交易資料按人別帳號日期排序加總!T4708 -> 40807000 | O39: =[1]帳戶交易資料按人別帳號日期排序加總!U4708 -> 0 | P39: =L39-M39 -> 623 | Q39: =O39-N39 -> -40807000 | R39: =-Q39/P39/1000 -> 65.500803
A40: 30 | E40: 群益證券 | F40: 527F | G40: 59768 | H40: 960124 | I40: 未列 | J40: 否 | K40: ●吳德賢稱係客戶個人使用。(請見本院卷五第181頁，吳德賢刑事答辯三狀) | L40: =[1]帳戶交易資料按人別帳號日期排序加總!R4893 -> 327 | M40: =[1]帳戶交易資料按人別帳號日期排序加總!S4893 -> 322 | N40: =[1]帳戶交易資料按人別帳號日期排序加總!T4893 -> 23239100 | O40: =[1]帳戶交易資料按人別帳號日期排序加總!U4893 -> 22667200 | P40: =L40-M40 -> 5 | Q40: =O40-N40 -> -571900 | R40: =-Q40/P40/1000 -> 114.38
A41: 31 | B41: 1-13 | C41: 高李月裡 | D41: 伯明翰客戶 | E41: 群益天母 | F41: 527N | G41: 18989 | H41: 950503 | I41: 列入 | J41: 是 | K41: ●卷內無本人供述，本院傳喚證人未到 (80多歲)。 ●周仕昌稱除了邱議瑩及何明龍外，和起訴書犯罪事實一(一)所記載信音公司等51位投資人接觸過，我會去跟客戶 說我們公司看好哪些公司。(請見原審卷一第79頁至第79頁反面) ●「 (問徐桂森：扣押物編號24p19 中，有一份收據，收到李月裡女士款項 230 萬3300元，為何如此？」 此為李月 裡之代操酬勞。(請見原審卷三第141頁反面) ●吳德賢稱係客戶個人使用(受任人：陳威良)。(請見本院卷五第181頁，吳德賢刑事答辯三狀) ● 另扣押物編號35：吳昌恒隨身碟目錄、路徑\客戶檔案 022008檔案目錄及內含OLD頁面工作表、010207頁面工 作表、011907頁面工作表及061307等頁面工作表之螢幕擷取畫面及完整工作表頁面列印資料均顯示： 「"李月裡"、電話欄列示"0937-852-149 019-86-13901124163"、傳真-EMAIL欄列示"lina_lee_7006@yahoo.com.tw fax:2871-9286(設定3)"及"群益天母-陳玲妃 、02-28764603(速撥104)"」等字樣，顯示高李月裡群益天母帳戶確係 伯明翰公司代操客戶帳戶之一。（請見本院卷八第209頁至第217頁） ●群益天母營業員陳玲妃亦係林宗堯掌控之閻淑慧群益天母帳戶之營業員。(請見99警聲搜1137 卷第181頁至第185頁) | L41: =[1]帳戶交易資料按人別帳號日期排序加總!R5068 -> 145 | M41: =[1]帳戶交易資料按人別帳號日期排序加總!S5068 -> 160 | N41: =[1]帳戶交易資料按人別帳號日期排序加總!T5068 -> 4561250 | O41: =[1]帳戶交易資料按人別帳號日期排序加總!U5068 -> 11284600 | P41: =L41-M41 -> -15 | Q41: =O41-N41 -> 6723350 | R41: =-Q41/P41/1000 -> 448.22333
A42: 32 | B42: 1-14 | C42: 林宗堯 | D42: 被告 | E42: 寶來天母 | F42: 9796 | G42: 88939 | H42: 950911 | I42: 列入 | J42: 是 | K42: ●「(問林宗堯：經查，你本人、辛玉芳及閻淑慧證券帳戶從95年5月至96年3月間有大量交易信音公司股票，請問 該等買賣是否都是由你所為?)是。」、「(問：盈虧若干?)賺了大約幾千萬元。」(請見調查局卷證據一：筆錄卷 第28頁至第35頁) ●「(列示：林宗堯、辛玉芳及閻淑慧如本表編號32-39證券帳戶)(問林宗堯：以下是否你使用之帳戶?)辯護人林律師 答：只要是辛玉芳、閻淑慧及他個人名義都是他使用的。」(請見本院卷七第86頁至第87頁) | L42: =[1]帳戶交易資料按人別帳號日期排序加總!R5509 -> 896 | M42: =[1]帳戶交易資料按人別帳號日期排序加總!S5509 -> 896 | N42: =[1]帳戶交易資料按人別帳號日期排序加總!T5509 -> 40218750 | O42: =[1]帳戶交易資料按人別帳號日期排序加總!U5509 -> 41343050 | P42: =L42-M42 -> 0 | Q42: =O42-N42 -> 1124300
A43: 33 | B43: 1-15 | C43: 辛玉芳 | D43: 被告 林宗堯配偶 | E43: 群益證券 | F43: 527N | G43: 35056 | H43: 950515 | I43: 未列 | J43: 是 | K43: ●「(問林宗堯：經查，你本人、辛玉芳及閻淑慧證券帳戶從95年5月至96年3月間有大量交易信音公司股票，請問 該等買賣是否都是由你所為?)是。」、「(問：盈虧若干?)賺了大約幾千萬元。」(請見調查局卷證據一：筆錄卷 第28頁至第35頁) ●「(列示：林宗堯、辛玉芳及閻淑慧如本表編號32-39證券帳戶)(問林宗堯：以下是否你使用之帳戶?)辯護人林律師 答：只要是辛玉芳、閻淑慧及他個人名義都是他使用的。」(請見本院卷七第86頁至第87頁) ●辛玉芳委任林宗堯於寶來證券之代理開戶及買賣上櫃有價證券授權書。(請見調查局卷證據三：證券帳戶資料卷 第8頁) ●元大寶來證券天母分公司營業員蔡世綸稱辛玉芳及閻淑慧在一開戶的時候，就授權林宗堯下單。林宗堯主要用 是以網路下單，但有時會用電話撥打我的專線直接下單。會指定是以哪一個人的帳戶下單。下單信音時有確定 的價格及數量。(請見調查局卷證據一：筆錄卷第140頁至第143頁) ●客戶林宗堯(帳號8893-9)，營業員蔡世綸95年10月12日語譯表內載簡摘如下： 時間：13:14:05 客戶：我太太那邊有那個還有我自己留下6126(係信音股票代號)? 營業員：170張。(請見調查局卷證據三：證券帳戶資料卷第10頁) 其下仍有多筆交易之語譯表，請見判決附件一。 | L43: =[1]帳戶交易資料按人別帳號日期排序加總!R5954 -> 10 | M43: =[1]帳戶交易資料按人別帳號日期排序加總!S5954 -> 10 | N43: =[1]帳戶交易資料按人別帳號日期排序加總!T5954 -> 355000 | O43: =[1]帳戶交易資料按人別帳號日期排序加總!U5954 -> 868000 | P43: =L43-M43 -> 0 | Q43: =O43-N43 -> 513000 | R43: 0
A44: 34 | E44: 寶來天母 | F44: 9796 | G44: 92789 | H44: 950518 | I44: 列入 | J44: 是 | L44: =[1]帳戶交易資料按人別帳號日期排序加總!R5946 -> 605 | M44: =[1]帳戶交易資料按人別帳號日期排序加總!S5946 -> 613 | N44: =[1]帳戶交易資料按人別帳號日期排序加總!T5946 -> 17652700 | O44: =[1]帳戶交易資料按人別帳號日期排序加總!U5946 -> 32354050 | P44: =L44-M44 -> -8 | Q44: =O44-N44 -> 14701350 | R44: 0
A45: 35 | E45: 永豐南京 | F45: 551m | G45: 174541 | H45: 950613 | I45: 列入 | J45: 是 | L45: 197 | M45: =[1]帳戶交易資料按人別帳號日期排序加總!S6140 -> 280 | N45: 5665200 | O45: =[1]帳戶交易資料按人別帳號日期排序加總!U6140 -> 17196050 | P45: =L45-M45 -> -83 | Q45: =O45-N45 -> 11530850 | R45: 0
A46: 36 | B46: 1-16 | C46: 閻淑慧 | D46: 被告 林宗堯友人 | E46: 寶來天母 | F46: 9796 | G46: 88926 | H46: 951023 | I46: 列入 | J46: 是 | K46: ●「(問林宗堯：經查，你本人、辛玉芳及閻淑慧證券帳戶從95年5月至96年3月間有大量交易信音公司股票，請問 該等買賣是否都是由你所為?)是。」、「(問：盈虧若干?)賺了大約幾千萬元。」(請見調查局卷證據一：筆錄卷 第28頁至第35頁) ●「(列示：林宗堯、辛玉芳及閻淑慧如本表編號32-39證券帳戶)(問林宗堯：以下是否你使用之帳戶?)辯護人林律師 答：只要是辛玉芳、閻淑慧及他個人名義都是他使用的。」(請見本院卷七第86頁至第87頁) ●閻淑慧委任林宗堯於寶來證券之代理開戶及買賣上櫃有價證券授權書。(請見調查局卷證據三：證券帳戶資料卷 第6頁) ●元大寶來證券天母分公司營業員蔡世綸稱辛玉芳及閻淑慧在一開戶的時候，就授權林宗堯下單。林宗堯主要用 是以網路下單，但有時會用電話撥打我的專線直接下單。會指定是以哪一個人的帳戶下單。下單信音時有確定 的價格及數量。(請見調查局卷證據一：筆錄卷第140頁至第143頁) ●客戶閻淑慧(帳號8892-6)，營業員蔡世綸95年10月25日語譯表內載簡摘如下： 委託書編號：2-230&2-231 時間：11:33:23 (請見調查局卷證據三：證券帳戶資料卷第11頁) 營業員：53.8 客戶：對 營業員：成交之後 客戶：然後再來就是53.9幫我吃個30張 營業員：好，懂。 客戶：也是一樣喔!成交後，53.9一成交馬上丟54，幫我用70張。 其下仍有多筆交易之語譯表，請見判決附件一。 | L46: =[1]帳戶交易資料按人別帳號日期排序加總!R7345 -> 1677 | M46: =[1]帳戶交易資料按人別帳號日期排序加總!S7345 -> 1074 | N46: =[1]帳戶交易資料按人別帳號日期排序加總!T7345 -> 87814750 | O46: =[1]帳戶交易資料按人別帳號日期排序加總!U7345 -> 82976900 | P46: =L46-M46 -> 603 | Q46: =O46-N46 -> -4837850 | R46: =-Q46/P46/1000 -> 8.0229685
A47: 37 | E47: 群益天母 | F47: 527N | G47: 63455 | H47: 951024 | I47: 列入 | J47: 是 | L47: =[1]帳戶交易資料按人別帳號日期排序加總!R8291 -> 1292 | M47: =[1]帳戶交易資料按人別帳號日期排序加總!S8291 -> 349 | N47: =[1]帳戶交易資料按人別帳號日期排序加總!T8291 -> 68873000 | O47: =[1]帳戶交易資料按人別帳號日期排序加總!U8291 -> 23579000 | P47: =L47-M47 -> 943 | Q47: =O47-N47 -> -45294000 | R47: =-Q47/P47/1000 -> 48.031813
A48: 38 | E48: 永豐南京 | F48: 551m | G48: 215167 | H48: 951030 | I48: 列入 | J48: 是 | L48: =[1]帳戶交易資料按人別帳號日期排序加總!R8593 -> 31 | M48: =[1]帳戶交易資料按人別帳號日期排序加總!S8593 -> 726 | N48: =[1]帳戶交易資料按人別帳號日期排序加總!T8593 -> 1650400 | O48: =[1]帳戶交易資料按人別帳號日期排序加總!U8593 -> 58586000 | P48: =L48-M48 -> -695 | Q48: =O48-N48 -> 56935600 | R48: 0
A49: 39 | E49: 元大北天母 | F49: 9805 | G49: 16737 | H49: 951215 | I49: 列入 | J49: 是 | L49: =[1]帳戶交易資料按人別帳號日期排序加總!R7732 -> 0 | M49: =[1]帳戶交易資料按人別帳號日期排序加總!S7732 -> 851 | N49: =[1]帳戶交易資料按人別帳號日期排序加總!T7732 -> 0 | O49: =[1]帳戶交易資料按人別帳號日期排序加總!U7732 -> 70144900 | P49: =L49-M49 -> -851 | Q49: =O49-N49 -> 70144900 | R49: 0
A50: 40 | B50: 1-17 | C50: 徐桂森 | D50: 被告 | E50: 中信松山 | F50: 565B | G50: 204810 | H50: 950321 | I50: 未列 | J50: 是 | K50: ●「(列示：徐桂森、張婷玉及徐釗鑫如本表編號40-46證券帳戶)(問徐桂森：以下是否你使用之帳戶?) 答： 編號1-19徐釗鑫的部分都不是我使用，富邦竹北雖有簽委託書，但我沒有下單。」、「(問：徐桂森中信松山帳 戶並非訴書附表範圍，有何意見?)中信松山是我使用。」(請見本院卷七第85頁反面至第86頁) | L50: =[1]帳戶交易資料按人別帳號日期排序加總!R10152 -> 1231 | M50: =[1]帳戶交易資料按人別帳號日期排序加總!S10152 -> 744 | N50: =[1]帳戶交易資料按人別帳號日期排序加總!T10152 -> 40052750 | O50: =[1]帳戶交易資料按人別帳號日期排序加總!U10152 -> 37600050 | P50: =L50-M50 -> 487 | Q50: =O50-N50 -> -2452700 | R50: =-Q50/P50/1000 -> 5.036345
A51: 41 | E51: 德信證券 | F51: 6910 | G51: 235817 | H51: 950630 | I51: 列入 | J51: 是 | L51: =[1]帳戶交易資料按人別帳號日期排序加總!R9150 -> 985 | M51: =[1]帳戶交易資料按人別帳號日期排序加總!S9150 -> 1114 | N51: =[1]帳戶交易資料按人別帳號日期排序加總!T9150 -> 37548900 | O51: =[1]帳戶交易資料按人別帳號日期排序加總!U9150 -> 50267550 | P51: =L51-M51 -> -129 | Q51: =O51-N51 -> 12718650 | R51: 0
A52: 42 | E52: 復華台北 | F52: 950H | G52: 361146 | H52: 950904 | I52: 列入 | J52: 是 | L52: =[1]帳戶交易資料按人別帳號日期排序加總!R10622 -> 762 | M52: =[1]帳戶交易資料按人別帳號日期排序加總!S10622 -> 250 | N52: =[1]帳戶交易資料按人別帳號日期排序加總!T10622 -> 29656800 | O52: =[1]帳戶交易資料按人別帳號日期排序加總!U10622 -> 11006900 | P52: =L52-M52 -> 512 | Q52: =O52-N52 -> -18649900 | R52: =-Q52/P52/1000 -> 36.425586
A53: 43 | B53: 1-18 | C53: 張婷玉 | D53: 被告 徐桂森配偶 | E53: 中信松山 | F53: 565B | G53: 207011 | H53: 950324 | I53: 列入 | J53: 是 | K53: ●「(列示：徐桂森、張婷玉及徐釗鑫如本表編號40-46證券帳戶)(問徐桂森：以下是否你使用之帳戶?) 答： 編號1-19徐釗鑫的部分都不是我使用，富邦竹北雖有簽委託書，但我沒有下單。」(請見本院卷七第85頁反面至 第86頁) ● 張婷玉於95年9月29日委託徐桂森之復華證券台北分公司委託授權暨受任承諾書(代理買賣、交割) (請見調查局卷 證據三：證券帳戶資料卷第17頁) | L53: =[1]帳戶交易資料按人別帳號日期排序加總!R11644 -> 848 | M53: =[1]帳戶交易資料按人別帳號日期排序加總!S11644 -> 864 | N53: =[1]帳戶交易資料按人別帳號日期排序加總!T11644 -> 30595000 | O53: =[1]帳戶交易資料按人別帳號日期排序加總!U11644 -> 38963650 | P53: =L53-M53 -> -16 | Q53: =O53-N53 -> 8368650 | R53: 0
A54: 44 | E54: 復華台北 | F54: 950H | G54: 365841 | H54: 950925 | I54: 列入 | J54: 是 | L54: =[1]帳戶交易資料按人別帳號日期排序加總!R12026 -> 594 | M54: =[1]帳戶交易資料按人別帳號日期排序加總!S12026 -> 594 | N54: =[1]帳戶交易資料按人別帳號日期排序加總!T12026 -> 31845050 | O54: =[1]帳戶交易資料按人別帳號日期排序加總!U12026 -> 33131200 | P54: =L54-M54 -> 0 | Q54: =O54-N54 -> 1286150 | R54: 0
A55: 45 | B55: 1-19 | C55: 徐釗鑫 | D55: 被告 徐桂森父親 | E55: 土銀新竹 | F55: 1035 | G55: 663039 | H55: 950418 | I55: 未列 | J55: 否 | K55: ●「(列示：徐桂森、張婷玉及徐釗鑫如本表編號40-46證券帳戶)(問徐桂森：以下是否你使用之帳戶?) 答： 編號1-19徐釗鑫的部分都不是我使用，富邦竹北雖有簽委託書，但我沒有下單。是否有簽委託書我也忘了，是我 父親告知營業員說他要出國，兒子會幫他下單，調查局傳營業員時，營業員也稱富邦竹北帳戶是我父親在使用。 」(請見本院卷七第85頁反面至第86頁) ● 徐釗鑫於95年9月20日委託徐桂森之富邦證券竹北分公司委託授權受任承諾買賣證券授權書 (請見調查局卷 證據三：證券帳戶資料卷第50頁)，前項委託於97年5 月26日終止。 (請見調查局卷證據三：證券帳戶資料卷第49 頁) ● 徐釗鑫於富邦證券竹北分公司之營業員陳鳳嬌稱：「95年9月20日徐釗鑫有拿徐桂森簽立好的委託授權書，委任 他兒子徐桂森下單，但是徐桂森只有一開始下過幾筆交易，之後大部分是徐釗鑫親自下單，因為斷斷續續，我 也不是很記得詳細時間。」(請見99警聲搜1137卷第152頁至第155頁) | L55: =[1]帳戶交易資料按人別帳號日期排序加總!R12156 -> 190 | M55: =[1]帳戶交易資料按人別帳號日期排序加總!S12156 -> 93 | N55: =[1]帳戶交易資料按人別帳號日期排序加總!T12156 -> 7839100 | O55: =[1]帳戶交易資料按人別帳號日期排序加總!U12156 -> 4757500 | P55: =L55-M55 -> 97 | Q55: =O55-N55 -> -3081600 | R55: =-Q55/P55/1000 -> 31.769072
A56: 46 | E56: 富邦竹北 | F56: 9624 | G56: 6669 | H56: 950921 | I56: 列入 | J56: 否 | L56: =[1]帳戶交易資料按人別帳號日期排序加總!R12338 -> 205 | M56: =[1]帳戶交易資料按人別帳號日期排序加總!S12338 -> 105 | N56: =[1]帳戶交易資料按人別帳號日期排序加總!T12338 -> 10780100 | O56: =[1]帳戶交易資料按人別帳號日期排序加總!U12338 -> 5080450 | P56: =L56-M56 -> 100 | Q56: =O56-N56 -> -5699650 | R56: =-Q56/P56/1000 -> 56.9965
A57: 47 | B57: 1-20 | C57: 顏紫華 | D57: 伯明翰客戶 | E57: 元大寶來 敦南分公司 | F57: 989P | G57: 64197 | H57: 950321 | I57: 列入 | J57: 是 | K57: ●顏紫華稱徐桂森係其學弟，委託代操時使用元大寶來帳戶，購買信音的股票均為徐桂森幫下單，自己並未購 買信音股票，徐桂森代操時並不會告知其投資標的，有代操費用但不確定如何計算及給付。(請見原審卷四第79 頁至第82頁反面) ●元大敦南營業員蔡玉枝稱顏紫華帳戶95年以後都是徐桂森下單，至96年底才又親自下單，帳戶委託徐桂森有簽 授權書，實際上使用人是徐桂森，徐桂森下單會明確指定價位張數。 (請見調查局卷證據一：筆錄卷第133頁至 第139頁) ●吳德賢稱係伯明翰公司代操帳戶。(請見本院卷五第181頁反面，吳德賢刑事答辯三狀) ●徐桂森稱我可以確認的客戶有：...顏紫華..。(請見原審卷一第79頁至第79頁反面) ●周仕昌稱除了邱議瑩及何明龍外，和起訴書犯罪事實一(一)所記載信音公司等51位投資人接觸過，我會去跟客戶 說我們公司看好哪些公司。(請見原審卷一第79頁至第79頁反面) | L57: =[1]帳戶交易資料按人別帳號日期排序加總!R12711 -> 566 | M57: =[1]帳戶交易資料按人別帳號日期排序加總!S12711 -> 342 | N57: =[1]帳戶交易資料按人別帳號日期排序加總!T12711 -> 19170000 | O57: =[1]帳戶交易資料按人別帳號日期排序加總!U12711 -> 13227000 | P57: =L57-M57 -> 224 | Q57: =O57-N57 -> -5943000 | R57: =-Q57/P57/1000 -> 26.53125
A58: 48 | B58: 1-21 | C58: 陳正修 | D58: 伯明翰客戶 | E58: 元大寶來 敦南分公司 | F58: 989P | G58: 29624 | H58: 950321 | I58: 列入 | J58: 是 | K58: ● 元大敦南營業員蔡玉枝稱陳正修係其客戶， 該帳戶委託伯明翰徐桂森下單，若有成交會打電話向徐回覆。 (請見100年偵7486卷二第48頁至第49頁) ●吳德賢稱係伯明翰公司代操帳戶。(請見本院卷五第181頁反面，吳德賢刑事答辯三狀) ●徐桂森稱我可以確認的客戶有：...陳正修...。(請見原審卷一第79頁至第79頁反面) ●周仕昌稱除了邱議瑩及何明龍外，和起訴書犯罪事實一(一)所記載信音公司等51位投資人接觸過，我會去跟客戶 說我們公司看好哪些公司。(請見原審卷一第79頁至第79頁反面) | L58: =[1]帳戶交易資料按人別帳號日期排序加總!R12956 -> 325 | M58: =[1]帳戶交易資料按人別帳號日期排序加總!S12956 -> 158 | N58: =[1]帳戶交易資料按人別帳號日期排序加總!T12956 -> 12611650 | O58: =[1]帳戶交易資料按人別帳號日期排序加總!U12956 -> 7130200 | P58: =L58-M58 -> 167 | Q58: =O58-N58 -> -5481450 | R58: =-Q58/P58/1000 -> 32.823054
A59: 49 | B59: 1-22 | C59: 高進財 | D59: 伯明翰客戶 | E59: 日盛永和 | F59: 116q | G59: 53562 | H59: 950321 | I59: 未列 | J59: 是 | K59: ●高進財稱94年至96年間，曾請教徐桂森股票投資意見，由自己決定下單，記憶裡，我有虧有賺，我應該是有付過 他的費用當作報酬，有時不在台灣時，徐桂森可經我同意代為下單，記憶中日盛只有一個帳戶，是否是行政區更 改我不清楚。(請見原審卷五第145頁反面至第147頁) ●同上份筆錄中，徐桂森針對法官訊問高進財帳戶是否為委託伯明翰代操帳戶， 徐桂森自稱就其認知是有委託，且 收取費用還是一樣。(請見原審卷五第145頁反面至第147頁) ●吳德賢稱係日盛永和與日盛雙和係同一帳號。(請見本院卷五第181頁反面 ，吳德賢刑事答辯三狀) ●徐桂森稱非伯明翰下單帳戶，係客戶自行使用。(請見本院卷五第176頁，徐桂森及吳昌恆105/9/29刑事陳報狀) ●吳德賢稱需經本人同意，伯明翰公司才可代為下單。(請見本院卷五第181頁反面 ，吳德賢刑事答辯三狀) ●徐桂森稱我可以確認的客戶有：...高進財....。(請見原審卷一第79頁至第79頁反面) ●周仕昌稱除了邱議瑩及何明龍外，和起訴書犯罪事實一(一)所記載信音公司等51位投資人接觸過，我會去跟客戶 說我們公司看好哪些公司。(請見原審卷一第79頁至第79頁反面) ● 另扣押物編號35：吳昌恒隨身碟目錄、路徑\客戶檔案 022008檔案目錄及內含OLD頁面工作表、010207頁面工 作表、011907頁面工作表及061307等頁面工作表之螢幕擷取畫面及完整工作表頁面列印資料均顯示： 「"高進財"、電話欄列示"02-86626136(O) 02-22309790(H) 0920-999-369"及傳真-EMAIL欄列示"02-86626139 kaohar@yahoo.com.tw"及日盛雙和-葉怡君02-8923-1961(速撥110)"」等字樣，顯示高進財確係伯明翰公司代操客戶 帳戶之一。（請見本院卷八第209頁至第217頁） | L59: =[1]帳戶交易資料按人別帳號日期排序加總!R13457 -> 165 | M59: =[1]帳戶交易資料按人別帳號日期排序加總!S13457 -> 0 | N59: =[1]帳戶交易資料按人別帳號日期排序加總!T13457 -> 4790600 | O59: =[1]帳戶交易資料按人別帳號日期排序加總!U13457 -> 0 | P59: =L59-M59 -> 165 | Q59: =O59-N59 -> -4790600 | R59: =-Q59/P59/1000 -> 29.033939
A60: 50 | E60: 日盛雙和 | F60: 1166 | G60: 753562 | H60: 950426 | I60: 列入 | J60: 是 | L60: =[1]帳戶交易資料按人別帳號日期排序加總!R13371 -> 487 | M60: =[1]帳戶交易資料按人別帳號日期排序加總!S13371 -> 506 | N60: =[1]帳戶交易資料按人別帳號日期排序加總!T13371 -> 22667900 | O60: =[1]帳戶交易資料按人別帳號日期排序加總!U13371 -> 27028900 | P60: =L60-M60 -> -19 | Q60: =O60-N60 -> 4361000 | R60: 0
A61: 51 | B61: 1-23 | C61: 江正風 | D61: 伯明翰客戶 | E61: 群益證券 | F61: 527N | G61: 57775 | H61: 950320 | I61: 未列 | J61: 否 | K61: ●吳德賢：「我的印象是群益是早期開的，因為像證人講的，他是跟著營業員，後來就跟著營業員到寶來去了，所以 群益這個帳戶代操使用到94年底，95年以後我們就沒有幫他管理，所以買信音期間的戶頭，應該是用寶來的帳戶。 所以在這段期間，群益公司買信音公司股票，應該是江正風自己買進的。」，證人江正風答：「他的陳述正確。」 (請見原審卷五第147頁至第149頁) ●徐桂森稱94/2/22開始提供伯明翰公司使用，至94年底即結束。(請見本院卷五第176頁，徐桂森及吳昌恆105/9/29刑事陳報狀) ●吳德賢稱係伯明翰公司代操帳戶，惟至94年時即未再使用該帳號代操，故與本案無關。(請見本院卷五第182頁，吳德賢刑 事答辯三狀) | L61: =[1]帳戶交易資料按人別帳號日期排序加總!R14637 -> 135 | M61: =[1]帳戶交易資料按人別帳號日期排序加總!S14637 -> 10 | N61: =[1]帳戶交易資料按人別帳號日期排序加總!T14637 -> 4137500 | O61: =[1]帳戶交易資料按人別帳號日期排序加總!U14637 -> 331000 | P61: =L61-M61 -> 125 | Q61: =O61-N61 -> -3806500 | R61: =-Q61/P61/1000 -> 30.452
A62: 52 | E62: 玉山松江 | F62: 8844 | G62: 514686 | H62: 950321 | I62: 列入 | J62: 否 | K62: ●玉山松江是我自己在使用的帳戶。 (請見原審卷五第147頁至第149頁) ●吳德賢稱係江正風個人使用。(請見本院卷五第181頁反面至第182頁，吳德賢刑事答辯三狀) | L62: =[1]帳戶交易資料按人別帳號日期排序加總!R14162 -> 883 | M62: =[1]帳戶交易資料按人別帳號日期排序加總!S14162 -> 799 | N62: =[1]帳戶交易資料按人別帳號日期排序加總!T14162 -> 49421050 | O62: =[1]帳戶交易資料按人別帳號日期排序加總!U14162 -> 47918600 | P62: =L62-M62 -> 84 | Q62: =O62-N62 -> -1502450 | R62: =-Q62/P62/1000 -> 17.88631
A63: 53 | E63: 寶來天母 | F63: 9796 | G63: 207891 | H63: 950606 | I63: 列入 | J63: 是 | K63: ●寶來天母都是自己下單，後改稱在其允許下，伯明翰公司的人曾經用其寶來天母的帳戶下單，不知下單者，但會 先跟劉秀君說有人會用其帳戶下單，伯明翰公司的人才可以下，如果其帳戶沒有錢，小周或劉秀君會先打電話問 可不可下單，如果帳戶有錢，劉秀君會等成交後，才向我回報。(請見調查局卷證據一：筆錄卷第288頁至第290頁) ●95年間有委託代操，是元大的營業員介紹的，最早是一位姓江的，後來小周(周仕昌)及徐桂森和我接觸。應該有簽 代操合約書。由我提供寶來證券帳戶，並在交割帳戶放一定金額的錢，他們可直接用這個帳戶下單，不用事先知 會我，但私下有一個控管的機制不會超過一定的金額。(請見原審卷五第147頁至第149頁) ●吳德賢稱係伯明翰公司代操帳戶。(請見本院卷五第181頁反面，吳德賢刑事答辯三狀) ●周仕昌稱除了邱議瑩及何明龍外，和起訴書犯罪事實一(一)所記載信音公司等51位投資人接觸過，我會去跟客戶說 我們公司看好哪些公司。(請見原審卷一第79頁至第79頁反面) | L63: =[1]帳戶交易資料按人別帳號日期排序加總!R14590 -> 246 | M63: =[1]帳戶交易資料按人別帳號日期排序加總!S14590 -> 341 | N63: =[1]帳戶交易資料按人別帳號日期排序加總!T14590 -> 12183600 | O63: =[1]帳戶交易資料按人別帳號日期排序加總!U14590 -> 18627450 | P63: =L63-M63 -> -95 | Q63: =O63-N63 -> 6443850 | R63: 0
A64: 54 | B64: 1-24 | C64: 練惠美 | D64: 伯明翰客戶 | E64: 統一士林 | F64: 585M | G64: 77969 | H64: 950317 | I64: 列入 | J64: 否 | K64: ●除了復華證券帳戶，沒有提供其他帳戶給伯明翰公司的人代操。(請見調查局卷證據一：筆錄卷第234頁至第235頁) ●吳德賢稱係客戶個人使用。(請見本院卷五第182頁，吳德賢刑事答辯三狀) | L64: =[1]帳戶交易資料按人別帳號日期排序加總!R14800 -> 7 | M64: =[1]帳戶交易資料按人別帳號日期排序加總!S14800 -> 85 | N64: =[1]帳戶交易資料按人別帳號日期排序加總!T14800 -> 552800 | O64: =[1]帳戶交易資料按人別帳號日期排序加總!U14800 -> 5302000 | P64: =L64-M64 -> -78 | Q64: =O64-N64 -> 4749200 | R64: 0
A65: 55 | E65: 復華台北 | F65: 950H | G65: 366183 | H65: 951115 | I65: 列入 | J65: 是 | K65: ●94年在復華證券開戶，並將該證券帳戶委託伯明翰公司下單買賣股票，委託額度500萬元，當時沒有填委託授權書， 下單前不會告知我，雙方沒有簽代操契約，但言明有獲利的話要抽取佣金，代操期間有賺有賠，大概一季結算一次 ，我都是拿現金給伯明翰公司的人，該公司會派人來收，95年3月至96年1月間，復華證券帳戶購買信音公司股票均 是伯明翰公司人員下單。除了復華證券帳戶，沒有提供其他帳戶給伯明翰公司的人代操。(請見調查局卷證據一：筆 錄卷第234頁至第235頁) ●94年委託伯明翰公司，有簽代操契約，但沒有保留，於95年、96年己與其解約。委託金額約4、5百萬。伯明翰是周 姓男生與我聯繫，他會寄對帳單給我，所以我知道每次買賣股票，但他們在買股前不會知會我，對帳單是有進出才 會寄。復華帳戶在95年3月至96年1月有買信音的股票是伯明翰下單，買賣信音公司之股票是賠的。 (請見100偵7486 卷二第27頁至第31頁) ●周仕昌稱除了邱議瑩及何明龍外，和起訴書犯罪事實一(一)所記載信音公司等51位投資人接觸過，我會去跟客戶說 我們公司看好哪些公司。(請見原審卷一第79頁至第79頁反面) ●吳德賢稱係伯明翰公司代操帳戶。(請見本院卷五第182頁，吳德賢刑事答辯三狀) | L65: =[1]帳戶交易資料按人別帳號日期排序加總!R14915 -> 54 | M65: =[1]帳戶交易資料按人別帳號日期排序加總!S14915 -> 0 | N65: =[1]帳戶交易資料按人別帳號日期排序加總!T14915 -> 3001600 | O65: =[1]帳戶交易資料按人別帳號日期排序加總!U14915 -> 0 | P65: =L65-M65 -> 54 | Q65: =O65-N65 -> -3001600 | R65: =-Q65/P65/1000 -> 55.585185
A66: 56 | E66: 國泰館前 | F66: 888A | G66: 331823 | H66: 960103 | I66: 未列 | J66: 否 | K66: ●除了復華證券帳戶，沒有提供其他帳戶給伯明翰公司的人代操。(請見調查局卷證據一：筆錄卷第234頁至第235頁) ●徐桂森稱非伯明翰下單帳戶，係客戶自行使用。(請見本院卷五第176頁，徐桂森及吳昌恆105/9/29刑事陳報狀) ●吳德賢稱係客戶個人使用。(請見本院卷五第182頁，吳德賢刑事答辯三狀) | L66: =[1]帳戶交易資料按人別帳號日期排序加總!R14866 -> 53 | M66: =[1]帳戶交易資料按人別帳號日期排序加總!S14866 -> 5 | N66: =[1]帳戶交易資料按人別帳號日期排序加總!T14866 -> 3505000 | O66: =[1]帳戶交易資料按人別帳號日期排序加總!U14866 -> 258000 | P66: =L66-M66 -> 48 | Q66: =O66-N66 -> -3247000 | R66: =-Q66/P66/1000 -> 67.645833
A67: 57 | B67: 1-25 | C67: 王興中 | D67: 伯明翰客戶 | E67: 復華台北 | F67: 950H | G67: 363542 | H67: 950321 | I67: 列入 | J67: 是 | K67: ●本院傳喚未到。 ●復華證券台北分公司營業員闕美玲稱：「 ...伯明翰的客戶有練惠美、王興中、何明龍、鄧木火、陳榮東、李光輝 這些都是伯明翰公司的代操客戶。」、「係徐桂森下單，撥伯明翰公司的電話號碼28712728聯繫。」等語(請見原 審卷四第8頁反面至第9頁) ●周仕昌稱除了邱議瑩及何明龍外，和起訴書犯罪事實一(一)所記載信音公司等51位投資人接觸過，我會去跟客戶 說我們公司看好哪些公司。(請見原審卷一第79頁至第79頁反面) ●吳德賢稱係客戶個人使用。(請見本院卷五第182頁，吳德賢刑事答辯三狀) ● 另扣押物編號35：吳昌恒隨身碟目錄、路徑\客戶檔案 022008檔案目錄及內含OLD頁面工作表、010207頁面工 作表、011907頁面工作表及061307等頁面工作表之螢幕擷取畫面及完整工作表頁面列印資料均顯示： 「"王興中"、電話欄列示"0921-934-191"及傳真-EMAIL欄列示"wang@asc.gov.tw"及"闕美玲02-23830898(速撥120) 0932-210-189 02-2383-0968#898)"」等字樣，顯示王興中確係伯明翰公司代操客戶帳戶之一。（請見本院卷八 第209頁至第217頁） | L67: =[1]帳戶交易資料按人別帳號日期排序加總!R15036 -> 85 | M67: =[1]帳戶交易資料按人別帳號日期排序加總!S15036 -> 35 | N67: =[1]帳戶交易資料按人別帳號日期排序加總!T15036 -> 3556400 | O67: =[1]帳戶交易資料按人別帳號日期排序加總!U15036 -> 1677000 | P67: =L67-M67 -> 50 | Q67: =O67-N67 -> -1879400 | R67: =-Q67/P67/1000 -> 37.588
A68: 58 | E68: 玉山證券 | F68: 8840 | G68: 101310 | H68: 950511 | I68: 未列 | J68: 否 | K68: ●本院傳喚未到。 ●徐桂森稱非伯明翰下單帳戶，係客戶自行使用。(請見本院卷五第176頁，徐桂森及吳昌恆105/9/29刑事陳報狀) ●吳德賢稱係客戶個人使用。(請見本院卷五第182頁，吳德賢刑事答辯三狀) | L68: =[1]帳戶交易資料按人別帳號日期排序加總!R14961 -> 33 | M68: =[1]帳戶交易資料按人別帳號日期排序加總!S14961 -> 12 | N68: =[1]帳戶交易資料按人別帳號日期排序加總!T14961 -> 1629250 | O68: =[1]帳戶交易資料按人別帳號日期排序加總!U14961 -> 690200 | P68: =L68-M68 -> 21 | Q68: =O68-N68 -> -939050 | R68: =-Q68/P68/1000 -> 44.716667
A69: 59 | B69: 1-26 | C69: 何明龍 | D69: 伯明翰客戶 | E69: 復華台北 | F69: 950H | G69: 366879 | H69: 960103 | I69: 列入 | J69: 是 | K69: ●大約在95、96年間，手邊有500萬閒錢，請教吳德賢可以買哪些股票，最後我就選擇信音，大約在90幾元開始買， 在每股70幾元時有買進攤平，虧了70幾萬認賠出場。我都是本人打電話給闕美玲下單，每次下單買賣信音公司股 票前，都會打電話問吳德賢意見，我會問他現在價錢是否可以買進，他告訴我如果要攤成本可以持續買進，之後 我就會看我資金的狀況決定要買進多少數量。(請見調查局卷證據一：筆錄卷第212頁至第213頁) ●我都請教吳德賢股票投資標的，在諮詢的過程中都沒有跟我收費。我問他(指吳德賢)，他說我不是客戶，如果你 要問我股票，要我們幫你下單，你要照程序開戶。我再問他有什麼股票可以買，他就說你要什麼股票，要買多少 錢，我跟吳德賢說下哪檔，多少錢，他下完之後，他叫我去繳錢，他說最低額度就是500萬元。他是免費替我服務 ，調查局卷筆錄並沒有說清楚，應該是吳德賢下完單之後，我自己會打電話給闕美玲確認買到的張數、金額，有沒 有收到匯款等事項。我有簽委任授權暨受任承諾書授權周仕昌，是吳德賢說如果要請他幫忙，還是就要按照他們 公司的程序，所以我就簽了這份文件。(請見原審卷四第89頁至第94頁) ●復華證券台北分公司營業員闕美玲稱：「 ...伯明翰的客戶有練惠美、王興中、何明龍、鄧木火、陳榮東、李光輝 這些都是伯明翰公司的代操客戶。」、「係徐桂森下單，撥伯明翰公司的電話號碼28712728聯繫。」等語(請見原 審卷四第8頁反面至第9頁) ●吳德賢稱係客戶何明龍個人使用。(請見本院卷五第182頁，吳德賢刑事答辯三狀) ● 另扣押物編號35：吳昌恒隨身碟目錄、路徑\客戶檔案 022008檔案目錄及內含OLD頁面工作表、010207頁面工 作表、011907頁面工作表及061307等頁面工作表之螢幕擷取畫面及完整工作表頁面列印資料中，OLD頁面工 作表無何明龍聯絡資料，而其後010207頁面工作表、011907頁面工作表及061307等頁面工作表則顯示： 「"何明龍"、電話欄列示"0933-022-386"及傳真-EMAIL欄列示"s121978@sinvi.com.tw"及"闕美玲02-23830898(速撥 120) 0932-210-189 02-2383-0968#898)"」等字樣，又何明龍左列帳戶係自96年1月3日開始買賣信音股票，顯示 何明龍確係自96年1月2日始委由伯明翰公司代操。（請見本院卷八第209頁至第217頁） | L69: =[1]帳戶交易資料按人別帳號日期排序加總!R15065 -> 58 | M69: =[1]帳戶交易資料按人別帳號日期排序加總!S15065 -> 0 | N69: =[1]帳戶交易資料按人別帳號日期排序加總!T15065 -> 4825900 | O69: =[1]帳戶交易資料按人別帳號日期排序加總!U15065 -> 0 | P69: =L69-M69 -> 58 | Q69: =O69-N69 -> -4825900 | R69: =-Q69/P69/1000 -> 83.205172
A70: 60 | B70: 1-27 | C70: 鄧木火 | D70: 伯明翰客戶 | E70: 復華台北 | F70: 950H | G70: 364279 | H70: 950407 | I70: 列入 | J70: 是 | K70: ●鄧木火稱有將帳戶委託給伯明翰公司代為操作，惟忘記是何帳戶。另本院提示扣案交易明細表時證稱：「剛開始賺 ，後來有一段時間好像股票狀況不好、環境不好，所以就跌，我也就算了，沒有再找他麻煩等語。」、「委託人家 一定會有費用，但費用多少我不記得。」，另辯護人朱瑞陽律師稱：「若證人認為96年10月之前就有委託伯明翰公 司代操，我們當然尊重證人意見，但依照我們瞭解，應該是之前就有一些個別的委託，若將此部分納入委託期間， 我們也同意。」(請見本院卷七157頁反面至第161頁) ●周仕昌稱除了邱議瑩及何明龍外，和起訴書犯罪事實一(一)所記載信音公司等51位投資人接觸過，我會去跟客戶說 我們公司看好哪些公司。(請見原審卷一第79頁至第79頁反面) (筆錄誤載為鄧木水) ●復華證券台北分公司營業員闕美玲稱：「 ...伯明翰的客戶有練惠美、王興中、何明龍、鄧木火、陳榮東、李光輝 這些都是伯明翰公司的代操客戶。」、「係徐桂森下單，撥伯明翰公司的電話號碼28712728聯繫。」等語(請見原 審卷四第8頁反面至第9頁) ●吳德賢稱係伯明翰公司代操帳戶，惟自96年10月始開始代操，故與本案無關。(請見本院卷五第182頁，吳德賢刑 事答辯三狀) ● 另扣押物編號35：吳昌恒隨身碟目錄、路徑\客戶檔案 022008檔案目錄及內含OLD頁面工作表、010207頁面工 作表、011907頁面工作表及061307等頁面工作表之螢幕擷取畫面及完整工作表頁面列印資料均顯示： 「"鄧醫師&鄧太太"、電話欄列示"0937-546-603"及傳真-EMAIL欄列示"mhteng@mail2000.com.tw"及"闕美玲02-2383 0898(速撥120) 0932-210-189 02-2383-0968#898"」等字樣，又此檔案頁面顯示日期中除OLD頁面工作表不知何時 外(應為010207即96/1/2之前)，其他010207頁面工作表、011907頁面工作表及061307等頁面工作表顯示伯明翰公司 內部於96/1/2、96/1/19及96/6/13等日期均有鄧木火之下單聯繫資料，故鄧木火至少於96/1/2即係伯明翰公司於代操 客戶帳戶之一。(請見本院卷八第209頁至第217頁） | L70: =[1]帳戶交易資料按人別帳號日期排序加總!R15161 -> 120 | M70: =[1]帳戶交易資料按人別帳號日期排序加總!S15161 -> 93 | N70: =[1]帳戶交易資料按人別帳號日期排序加總!T15161 -> 5362600 | O70: =[1]帳戶交易資料按人別帳號日期排序加總!U15161 -> 4776900 | P70: =L70-M70 -> 27 | Q70: =O70-N70 -> -585700 | R70: =-Q70/P70/1000 -> 21.692593
K71: ●另扣押物編號35：吳昌恒隨身碟目錄及路徑\2009\1月\ 20090105檔案目錄...鄧醫師(即鄧木火)由伯明翰公司製作之 交易日報明細表（請見本院卷八第207頁至第207頁反面），該資料於"二、庫存己賣出"項下列示6月23日賣出信 音12仟股及於 6月26日賣出信音25仟股，對照鄧木火於95/1/1~96/6/30買賣信音公司交易明細(該明細係依據財 團法 人中華民國櫃檯買賣中心102年9月4日證櫃交字第1020021888號函之委託成交對應資料，請見原審卷OTC 102年9月4日函送委託成交對應資料卷一至四)，鄧木火帳戶亦於96年6月23日賣出信音12仟股(委賣編號20104-2、 20130-2、20144-2、20162-2及20176-2)及於 6月26日賣出信音25仟股(委賣編號20136-2、20148-2)，並經計算平均賣 價亦相符， 顯示由伯明翰公司製作為提供代操客戶鄧木火之交易日報明細表中所列示6月23日賣出信音12仟股 及於 6月26日賣出信音25仟股，係指96年6月23日及6月26日賣出，而買進信音股票以供賣出之日期自應早於賣 出日期，故並非如吳德賢所述自96年10月始開始幫鄧木火代操。
A72: 61 | B72: 1-28 | C72: 陳榮東 | D72: 伯明翰客戶 | E72: 元大敦南 | F72: 989P | G72: 70958 | H72: 950321 | I72: 未列 | J72: 是 | K72: ●95年、96年間或更早，…，與徐桂森約定使用我在元大證券敦化南路上分公司的帳戶，最高額度是3000萬元，...， 伯明翰公司有交易時才會去入交割款，我都可以在電腦上看到這些交易，當初是約定每季結算一次，他們可以拿 獲利的20%，不過因為一開始並沒有獲利，所以並沒有如期在每季結算，有時是9個月，有時半年才結算。自94年 、95年開始，期間有結算兩次，有給佣金，印象中有給現金，也有用匯款匯到個人的帳戶，...一直到97年金融風暴 ...，我們就停止了。營業員有換過2個，後來是闕美玲。委託伯明翰代操係口頭約定。結算時，徐桂森拿他們記的 帳來跟我對帳。徐桂森有來跟我要委託書，我有給他。在股價高點時我問徐桂森這樣應該夠了，滿足了吧，但徐 桂森信誓旦旦表示還會再上，沒有出脫。(請見調查局卷證據一：筆錄卷第252頁至第253頁) ●一開始我認識的是徐桂森，後來是周仕昌，...，我是委託代操，...，委託期間是從買信音股票開始，但詳細我忘了 ，委託期間約有一年多。委託代操需付獲利的20%，委託代操的帳戶為復華證券台北分公司。元大的帳號買賣信音 股票都是伯明翰下單決定的，但我都會知道。 (請見100偵7486卷二第65頁至第72頁) ●平常有在聯繫的是周仕昌，吳德賢我只知道他是公司老闆，徐桂森我認識。我在調查局卷說有人操盤很厲害，那 個人就是徐桂森。代操是由伯明翰下單，股票也是在我們名下。(請見原審卷三第38頁至第43頁) ●復華證券台北分公司營業員闕美玲稱：「 ...伯明翰的客戶有練惠美、王興中、何明龍、鄧木火、陳榮東、李光輝 這些都是伯明翰公司的代操客戶。」、「係徐桂森下單，撥伯明翰公司的電話號碼28712728聯繫。」等語(請見原 審卷四第8頁反面至第9頁) ●徐桂森稱自94/12/26開始提供伯明翰公司使用。(請見本院卷五第176頁，徐桂森及吳昌恆105/9/29刑事陳報狀) ●吳德賢稱係伯明翰公司代操帳戶。(請見本院卷五第182頁，吳德賢刑事答辯三狀) | L72: =[1]帳戶交易資料按人別帳號日期排序加總!R15494 -> 220 | M72: =[1]帳戶交易資料按人別帳號日期排序加總!S15494 -> 65 | N72: =[1]帳戶交易資料按人別帳號日期排序加總!T15494 -> 6842650 | O72: =[1]帳戶交易資料按人別帳號日期排序加總!U15494 -> 2581150 | P72: =L72-M72 -> 155 | Q72: =O72-N72 -> -4261500 | R72: =-Q72/P72/1000 -> 27.493548
A73: 62 | E73: 元大敦化 | F73: 9833 | G73: 315510 | H73: 950605 | I73: 未列 | J73: 否 | K73: ●一開始我認識的是徐桂森，後來是周仕昌，...，我是委託代操，...，委託期間是從買信音股票開始，但詳細我忘了 ，委託期間約有一年多。委託代操需付獲利的20%，委託代操的帳戶為復華證券台北分公司。 (請見100偵7486卷二 第65頁至第72頁) ●徐桂森稱非伯明翰下單帳戶，係客戶自行使用。(請見本院卷五第176頁，徐桂森及吳昌恆105/9/29刑事陳報狀) ●吳德賢稱係客戶個人使用。(請見本院卷五第182頁，吳德賢刑事答辯三狀) | L73: =[1]帳戶交易資料按人別帳號日期排序加總!R15280 -> 112 | M73: =[1]帳戶交易資料按人別帳號日期排序加總!S15280 -> 59 | N73: =[1]帳戶交易資料按人別帳號日期排序加總!T15280 -> 5298350 | O73: =[1]帳戶交易資料按人別帳號日期排序加總!U15280 -> 2898350 | P73: =L73-M73 -> 53 | Q73: =O73-N73 -> -2400000 | R73: =-Q73/P73/1000 -> 45.283019
A74: 63 | E74: 復華台北 | F74: 950H | G74: 365317 | H74: 950802 | I74: 列入 | J74: 是 | K74: ●一開始我認識的是徐桂森，後來是周仕昌，...，我是委託代操，...，委託期間是從買信音股票開始，但詳細我忘了 ，委託期間約有一年多。委託代操需付獲利的20%，委託代操的帳戶為復華證券台北分公司。 (請見100偵7486卷二 第65頁至第72頁) ●平常有在聯繫的是周仕昌，吳德賢我只知道他是公司老闆，徐桂森我認識。我在調查局卷說有人操盤很厲害，那 個人就是徐桂森。代操是由伯明翰下單，股票也是在我們名下。(請見原審卷三第38頁至第43頁) ●復華證券台北分公司營業員闕美玲稱：「 ...伯明翰的客戶有練惠美、王興中、何明龍、鄧木火、陳榮東、李光輝 這些都是伯明翰公司的代操客戶。」、「係徐桂森下單，撥伯明翰公司的電話號碼28712728聯繫。」等語(請見原 審卷四第8頁反面至第9頁) ●吳德賢稱係伯明翰公司代操帳戶。(請見本院卷五第182頁，吳德賢刑事答辯三狀) | L74: =[1]帳戶交易資料按人別帳號日期排序加總!R15369 -> 102 | M74: =[1]帳戶交易資料按人別帳號日期排序加總!S15369 -> 79 | N74: =[1]帳戶交易資料按人別帳號日期排序加總!T15369 -> 4201400 | O74: =[1]帳戶交易資料按人別帳號日期排序加總!U15369 -> 3998200 | P74: =L74-M74 -> 23 | Q74: =O74-N74 -> -203200 | R74: =-Q74/P74/1000 -> 8.8347826
A75: 64 | B75: 1-29 | C75: 葉佐青 | D75: 伯明翰客戶 | E75: 元大新莊 | F75: 9898 | G75: 498896 | H75: 951222 | I75: 列入 | J75: 是 | K75: ●我將我元大證券新莊分公司的證券帳戶，授權給伯明翰公司的業務周仕昌代為下單。約定投資金額1000萬，在這 個額度內周仕昌可以自由下單，1年結算一次損益，如有盈餘，要給伯明翰公司盈餘的20%作為報酬，如果虧損就 全算我的。1000萬放在我自己的股款交割戶，存摺、印鑑都是我自己保管。委託時有簽訂契約。事後看到交割單 才知道他們有買賣。95年3月至96年1月頻繁買賣信音公司股票都是伯明翰公司的人員下單的。(請見調查局卷證據 一：筆錄卷第204頁至第205頁) ●周仕昌稱除了邱議瑩及何明龍外，和起訴書犯罪事實一(一)所記載信音公司等51位投資人接觸過，我會去跟客戶 說我們公司看好哪些公司。(請見原審卷一第79頁至第79頁反面) ●吳德賢稱係伯明翰公司代操帳戶。(請見本院卷五第182頁，吳德賢刑事答辯三狀) | L75: =[1]帳戶交易資料按人別帳號日期排序加總!R15548 -> 106 | M75: =[1]帳戶交易資料按人別帳號日期排序加總!S15548 -> 0 | N75: =[1]帳戶交易資料按人別帳號日期排序加總!T15548 -> 9586400 | O75: =[1]帳戶交易資料按人別帳號日期排序加總!U15548 -> 0 | P75: =L75-M75 -> 106 | Q75: =O75-N75 -> -9586400 | R75: =-Q75/P75/1000 -> 90.437736
A76: 65 | B76: 1-30 | C76: 陳冠妃 | D76: 伯明翰客戶 | E76: 元大新莊 | F76: 9898 | G76: 506500 | H76: 951024 | I76: 列入 | J76: 是 | K76: ●我的帳戶是給我阿姨吳白秀琴使用。(請見本院卷七第154頁至第154頁反面) ●吳白秀琴稱：「陳冠妃之復華新莊帳戶都是我在使用(註：復華金控除復華投信外，於96年併入元大金控)」、「 也只有 提供 此一戶頭，自身沒有買信音股票」、「是和一個男生，應該是他們的業務員接觸」、「信音虧了很多 ，不想提起」、「不清楚伯明翰公司買賣標的為何，不可能告訴我們 我們要買什麼，就是你們在買賣」等語。(請見 本院卷七第154頁反面至第157頁反面) ●被告徐桂森在吳白秀琴同一庭期表示意見稱：「客戶其實在委託我們時，證人所述所造成之虧損，主要在於我們在 建立一個投資組合時，並不會將客戶所有資金使用 100%，我們會做合理配置，信音公司只是其中之投資組合，造成 虧損原因我目前回憶所及以及看交易明細，應該是客戶在見到波動虧損之後，每個客戶的忍受風險程度不一，而個 人立刻進行終止，終止之後我方難以繼續做投資管理所造成，上述客戶其實不止證人一位，類似客戶於一審時亦有 相同 陳述過。」等語 (請見本院卷七第157頁反面)，惟查95年12月13日8時56分46秒45毫秒至9時21分51秒43毫秒間， 伯明翰公司掌控之闕逸祥、闕逸芃及林宗堯掌控之閻淑慧、辛玉芳等帳戶分7筆委託賣出134張均未成交，惟自10時25 分14秒52毫秒至13時24分37秒21毫秒間，陳冠妃帳戶連續委託買進6筆計40張，成交30張(請見本院卷八第145頁反面至 第146頁)，另查95年12月12日陳冠妃帳戶於9時24分41秒75毫秒委託買進信音股票10仟股，而9時25分10秒44毫秒，兩者 差異約30秒，伯明翰公司掌控之闕逸芃帳戶卻委託賣出20仟股(請見本院卷八第145頁反面)，故伯明翰公司針對自身掌 控帳戶和得以利用之陳冠妃帳戶所為之"合理配置"、"投資組合"決策似乎不同且瞬息萬變，客戶虧損難稱因徐桂森所 稱"客戶的忍受風險程度不 一，而個人立刻進行終止，終止之後我方難以繼續做投資管理所造成"。 ●周仕昌稱除了邱議瑩及何明龍外，和起訴書犯罪事實一(一)所記載信音公司等51位投資人接觸過，我會去跟客戶說我 們公司看好哪些公司。(請見原審卷一第79頁至第79頁反面) ●吳德賢稱係伯明翰公司代操帳戶。(請見本院卷五第182頁，吳德賢刑事答辯三狀) | L76: =[1]帳戶交易資料按人別帳號日期排序加總!R15614 -> 98 | M76: =[1]帳戶交易資料按人別帳號日期排序加總!S15614 -> 13 | N76: =[1]帳戶交易資料按人別帳號日期排序加總!T15614 -> 7799500 | O76: =[1]帳戶交易資料按人別帳號日期排序加總!U15614 -> 770600 | P76: =L76-M76 -> 85 | Q76: =O76-N76 -> -7028900 | R76: =-Q76/P76/1000 -> 82.692941
A77: 66 | B77: 1-31 | C77: 李光輝 | D77: 伯明翰客戶 | E77: 兆豐桃園 | F77: 700U | G77: 14015 | H77: 951020 | I77: 列入 | J77: 是 | K77: ●本院傳喚未到。 ●徐桂森稱：「李光輝是我們在上海的點認識的仲介，他很少在台灣，他把帳戶託管給公司，我們公司有用 他的帳戶下單，但是沒有跟他收費，而且他也清楚...」等語。(請見本院卷三第158頁反面) ●周仕昌稱除了邱議瑩及何明龍外，和起訴書犯罪事實一(一)所記載信音公司等51位投資人接觸過，我會去跟 客戶說我們公司看好哪些公司。(請見原審卷一第79頁至第79頁反面) ●吳德賢稱係李光輝個人使用。(請見本院卷五第182頁，吳德賢刑事答辯三狀) ● 另扣押物編號35：吳昌恒隨身碟目錄、路徑\客戶檔案 022008檔案目錄及內含010207頁面工作表、011907頁面 工作表及061307等頁面工作表之螢幕擷取畫面及完整工作表頁面列印資料均顯示： 「"李光輝(Michael)"、傳真-EMAIL欄列示"s5885888@hotmail.com"及兆豐桃園-陳美嬌 03-3771720"」等字樣，顯 示李光輝確係伯明翰公司代操客戶帳戶之一。（請見本院卷八第209頁至第217頁） | L77: =[1]帳戶交易資料按人別帳號日期排序加總!R15706 -> 138 | M77: =[1]帳戶交易資料按人別帳號日期排序加總!S15706 -> 33 | N77: =[1]帳戶交易資料按人別帳號日期排序加總!T15706 -> 8989700 | O77: =[1]帳戶交易資料按人別帳號日期排序加總!U15706 -> 1909000 | P77: =L77-M77 -> 105 | Q77: =O77-N77 -> -7080700 | R77: =-Q77/P77/1000 -> 67.435238
A78: 67 | E78: 復華台北 | F78: 950H | G78: 366976 | H78: 960108 | I78: 未列 | J78: 否 | K78: ●本院傳喚未到。 ●復華證券台北分公司營業員闕美玲稱：「 ...伯明翰的客戶有練惠美、王興中、何明龍、鄧木火、陳榮東、李光輝 這些都是伯明翰公司的代操客戶。」、「係徐桂森下單，撥伯明翰公司的電話號碼28712728聯繫。」等語(請見原 審卷四第8頁反面至第9頁) ●徐桂森稱自96/1/5開始提供伯明翰公司使用，至96年底即結束。(請見本院卷五第176頁，徐桂森及吳昌恆105/9/29刑 事陳報狀) ●吳德賢稱係伯明翰公司代操帳戶。(請見本院卷五第182頁，吳德賢刑事答辯三狀) ●周仕昌稱除了邱議瑩及何明龍外，和起訴書犯罪事實一(一)所記載信音公司等51位投資人接觸過，我會去跟客戶說 我們公司看好哪些公司。(請見原審卷一第79頁至第79頁反面) ●左列帳戶自96年1月8日始有信音股票交易記錄，並非吳德賢等人高買低賣影響信音股票價格期間。 | L78: =[1]帳戶交易資料按人別帳號日期排序加總!R15743 -> 78 | M78: =[1]帳戶交易資料按人別帳號日期排序加總!S15743 -> 0 | N78: =[1]帳戶交易資料按人別帳號日期排序加總!T15743 -> 6529900 | O78: =[1]帳戶交易資料按人別帳號日期排序加總!U15743 -> 0 | P78: =L78-M78 -> 78 | Q78: =O78-N78 -> -6529900 | R78: =-Q78/P78/1000 -> 83.716667
A79: 68 | B79: 1-32 | C79: 陳重榮 | D79: 伯明翰客戶 | E79: 富邦證券 | F79: 9663 | G79: 53181 | H79: 950302 | I79: 列入 | J79: 否 | K79: ●陳重榮姪女陳怡蒨：「陳重榮(陳怡蒨叔叔)比較早給伯明翰代操，操作得不錯，才介紹我父親陳重叡參加，委託額 度3000萬元，最後他因病過世，過世時也跟伯明翰公司解約，同時我檢視他的帳戶，某些股票甚至虧到70%，但實際 虧損我不知道。」、「伯明翰有來跟我們要委託書，如果當時我們有找到的話，就有提供給他們。」(請見調查局卷 證據一：筆錄卷第242頁至第243頁) ●陳重榮姪女陳怡蒨：「我知道叔叔和爸爸在95、96年買信音的股票，這些都是伯明翰公司下單的。」、「伯明翰公 司買信音公司股票蠻久的，比重不小，信音後來是賠錢的。」 (請見100偵7486卷二第73頁至第76頁) ●吳德賢稱係陳重榮個人使用，原審似己認定係陳重榮個人使用。(請見本院卷五第182頁反面，吳德賢刑事答辯三狀) | L79: =[1]帳戶交易資料按人別帳號日期排序加總!R15885 -> 81 | M79: =[1]帳戶交易資料按人別帳號日期排序加總!S15885 -> 81 | N79: =[1]帳戶交易資料按人別帳號日期排序加總!T15885 -> 2829400 | O79: =[1]帳戶交易資料按人別帳號日期排序加總!U15885 -> 2653900 | P79: =L79-M79 -> 0 | Q79: =O79-N79 -> -175500 | R79: 0
A80: 69 | E80: 兆豐證券 (原倍利證券) | F80: 700H | G80: 14911 | H80: 950404 | I80: 列入 | J80: 是 | K80: ●陳重榮姪女陳怡蒨：「陳重榮(陳怡蒨叔叔)比較早給伯明翰代操，操作得不錯，才介紹我父親陳重叡參加，委託額 度3000萬元，最後他因病過世，過世時也跟伯明翰公司解約，同時我檢視他的帳戶，某些股票甚至虧到70%，但實際 虧損我不知道。」、「伯明翰有來跟我們要委託書，如果當時我們有找到的話，就有提供給他們。」(請見調查局卷 證據一：筆錄卷第242頁至第243頁) ●陳重榮姪女陳怡蒨：「我知道叔叔和爸爸在95、96年買信音的股票，這些都是伯明翰公司下單的。」、「伯明翰公 司買信音公司股票蠻久的，比重不小，信音後來是賠錢的。」 (請見100偵7486卷二第73頁至第76頁) ●徐桂森稱我可以確認的客戶有：...陳重榮...。(請見原審卷一第79頁至第79頁反面) ●吳昇恆稱知道鄭許炭、王慈華、 林定河、黃徐瓊英、陳重榮、陳重叡等客戶。(請見原審卷一79頁反面) ●周仕昌稱除了邱議瑩及何明龍外，和起訴書犯罪事實一(一)所記載信音公司等51位投資人接觸過，我會去跟客戶說 我們公司看好哪些公司。(請見原審卷一第79頁至第79頁反面) ●吳德賢稱係伯明翰公司代操帳戶。(請見本院卷五第182頁，吳德賢刑事答辯三狀) | L80: =[1]帳戶交易資料按人別帳號日期排序加總!R16294 -> 576 | M80: =[1]帳戶交易資料按人別帳號日期排序加總!S16294 -> 198 | N80: =[1]帳戶交易資料按人別帳號日期排序加總!T16294 -> 26922150 | O80: =[1]帳戶交易資料按人別帳號日期排序加總!U16294 -> 11150150 | P80: =L80-M80 -> 378 | Q80: =O80-N80 -> -15772000 | R80: =-Q80/P80/1000 -> 41.724868
A81: 70 | B81: 1-33 | C81: 陳重叡 | D81: 伯明翰客戶 | E81: 兆豐證券 (原倍利證券) | F81: 700H | G81: 47988 | H81: 960125 | I81: 列入 | J81: 否 | K81: ●陳重榮姪女陳怡蒨：「陳重榮(陳怡蒨叔叔)比較早給伯明翰代操，操作得不錯，才介紹我父親，委託額度3000萬元， 提供我父親在倍利證券東門公分司帳戶供其代操，伯明翰公司有交易時，營業員楊貽婷會在收盤後傳真當日庫存表， 我們才去入交割款，印象中給伯明翰代操有三年左右，約在95年至97年間，但在97年間，伯明翰代操虧損約500萬元， 我們他們怎麼處理，他們同意免手續費繼續代操，最後有回本，我們就結束。」、「伯明翰公司代操佣金只有口頭約 定，沒有約定書面，獲利的15%當作佣金，支付方式是將款項從陳重叡的帳戶匯到伯明翰公司銀行帳戶，印象中只付 了一次，匯了100多萬元。」、「95年3月至96年1月陳重叡倍利證券東門分公司帳戶買賣信音公司股票都是伯明翰公司 人員下單的」、「伯明翰有來跟我們要委託書，如果當時我們有找到的話，就有提供給他們。」(請見調查局卷證據一 ：筆錄卷第242頁至第243頁) ●陳重榮姪女陳怡蒨稱：「吳德賢、周仕昌、吳昇恆我認識，他們是我叔叔陳重榮介紹的朋友，我叔叔覺得他們操作的 不錯，介紹我爸爸投資。」、「委託代操佣金是獲利的15%。」、「我們全權委託，伯明翰下單不會通知我們，每次 收盤時公司會傳真交易明細給我們。」、「我知道叔叔和爸爸在95、96年買信音的股票，這些都是伯明翰公司下單的 。」、「伯明翰公司買信音公司股票蠻久的，比重不小，信音後來是賠錢的。」(請見100偵7486卷二第73頁至第76頁) ●徐桂森稱我可以確認的客戶有：...陳重叡...。(請見原審卷一第79頁至第79頁反面) ●吳昇恆稱我知道鄭許炭、王慈華、 林定河、黃徐瓊英、陳重榮、陳重叡等客戶。(請見原審卷一79頁反面) ●周仕昌稱除了邱議瑩及何明龍外，和起訴書犯罪事實一(一)所記載信音公司等51位投資人接觸過，我會去跟客戶說我 們公司看好哪些公司。(請見原審卷一第79頁至第79頁反面) ●吳德賢稱係伯明翰公司代操帳戶。(請見本院卷五第182頁反面，吳德賢刑事答辯三狀) ●左列帳戶自96年1月25日始有信音股票交易記錄，並非吳德賢等人高買低賣影響信音股票價格期間。 | L81: =[1]帳戶交易資料按人別帳號日期排序加總!R16323 -> 61 | M81: =[1]帳戶交易資料按人別帳號日期排序加總!S16323 -> 0 | N81: =[1]帳戶交易資料按人別帳號日期排序加總!T16323 -> 4416000 | O81: =[1]帳戶交易資料按人別帳號日期排序加總!U16323 -> 0 | P81: =L81-M81 -> 61 | Q81: =O81-N81 -> -4416000 | R81: =-Q81/P81/1000 -> 72.393443
A82: 71 | B82: 1-34 | C82: 李龍圖 | D82: 伯明翰客戶 | E82: 群益天母 | F82: 527N | G82: 40889 | H82: 950328 | I82: 未列 | J82: 否 | K82: ●我只有把寶來天母分行一個帳戶給周仕昌代操，沒有其他帳戶了。(請見100偵7486卷二第59頁至第63頁) ●徐桂森稱約自95-96年提供伯明翰公司使用，至96年底即結束。(請見本院卷五第176頁，徐桂森及吳昌恆105/9/29刑事 陳報狀) ●吳德賢稱係李龍圖個人使用。(請見本院卷五第182頁反面，吳德賢刑事答辯三狀) | L82: =[1]帳戶交易資料按人別帳號日期排序加總!R16439 -> 70 | M82: =[1]帳戶交易資料按人別帳號日期排序加總!S16439 -> 0 | N82: =[1]帳戶交易資料按人別帳號日期排序加總!T16439 -> 2226400 | O82: =[1]帳戶交易資料按人別帳號日期排序加總!U16439 -> 0 | P82: =L82-M82 -> 70 | Q82: =O82-N82 -> -2226400 | R82: =-Q82/P82/1000 -> 31.805714
A83: 72 | E83: 寶來天母 | F83: 9796 | G83: 39797 | H83: 950502 | I83: 列入 | J83: 是 | K83: ●95年4月15日左右我提供寶來天母給周仕昌代操，當時的營業員是劉秀君，委託額度500萬元，由伯明翰的人下單， 每個月都是周仕昌來跟我說損益狀況，獲利的20%需給伯明翰公司，我一般都是交給周仕昌，帳上有獲利的話，每3 個結一次帳，前後給了伯明翰公司代操佣金50萬元，95年4月15日左右至96年8月15日左右這一年寶來天母分公司的帳 戶內買賣信音公司股票，皆為伯明翰喊盤下單，下單前不會告知我。(請見調查局卷證據一：筆錄卷第256頁至第258 頁) ●我在調查局卷說代操期間是95年4月15日左右至96年8月15日左右實在，我提供500萬左右及寶來天母分公司的帳戶供周 仕昌代操，這一年多都是讓周仕昌決定下單選股，該帳戶的存摺及印章我自行保管。(請見100偵7486卷二第59頁至第63 頁) ●請周仕昌代操，存摺印章都在我這裡，代操賺了200萬，我給他50萬。(請見原審卷三第29頁至第38頁) ●周仕昌稱除了邱議瑩及何明龍外，和起訴書犯罪事實一(一)所記載信音公司等51位投資人接觸過，我會去跟客戶說我 們公司看好哪些公司。(請見原審卷一第79頁至第79頁反面) ●吳德賢稱係李龍圖個人使用。(請見本院卷五第182頁反面，吳德賢刑事答辯三狀) | L83: =[1]帳戶交易資料按人別帳號日期排序加總!R16412 -> 120 | M83: =[1]帳戶交易資料按人別帳號日期排序加總!S16412 -> 42 | N83: =[1]帳戶交易資料按人別帳號日期排序加總!T16412 -> 6643850 | O83: =[1]帳戶交易資料按人別帳號日期排序加總!U16412 -> 2117500 | P83: =L83-M83 -> 78 | Q83: =O83-N83 -> -4526350 | R83: =-Q83/P83/1000 -> 58.030128
A84: 73 | B84: 1-35 | C84: 鮑揚波 | D84: 伯明翰客戶 | E84: 寶來新竹 | F84: 979E | G84: 105021 | H84: 951002 | I84: 列入 | J84: 否 | K84: ●大眾新竹帳戶是委託伯明翰的人員操作的。(請見調查局卷證據一：筆錄卷第244頁至第246頁) ●吳德賢稱係鮑揚波個人使用，原審己認定係鮑揚波個人使用。(請見本院卷五第182頁反面，吳德賢刑事答辯三狀) | L84: =[1]帳戶交易資料按人別帳號日期排序加總!R16872 -> 112 | M84: =[1]帳戶交易資料按人別帳號日期排序加總!S16872 -> 73 | N84: =[1]帳戶交易資料按人別帳號日期排序加總!T16872 -> 5828150 | O84: =[1]帳戶交易資料按人別帳號日期排序加總!U16872 -> 4640900 | P84: =L84-M84 -> 39 | Q84: =O84-N84 -> -1187250 | R84: =-Q84/P84/1000 -> 30.442308
A85: 74 | E85: 永豐證券 | F85: 551S | G85: 70064 | H85: 951018 | I85: 未列 | J85: 否 | K85: ●大眾新竹帳戶是委託伯明翰的人員操作的。(請見調查局卷證據一：筆錄卷第244頁至第246頁) | L85: =[1]帳戶交易資料按人別帳號日期排序加總!R16453 -> 5 | M85: =[1]帳戶交易資料按人別帳號日期排序加總!S16453 -> 5 | N85: =[1]帳戶交易資料按人別帳號日期排序加總!T16453 -> 228650 | O85: =[1]帳戶交易資料按人別帳號日期排序加總!U16453 -> 253750 | P85: =L85-M85 -> 0 | Q85: =O85-N85 -> 25100 | R85: 0
A86: 75 | E86: 大眾證券 | F86: 6537 | G86: 8087 | H86: 951018 | I86: 列入 | J86: 是 僅使用 96/1/1~ 96/1/3 | K86: ●大眾新竹營業員邱玉麟介紹伯明翰的羅世明給我認識，2人均表示伯明翰代操績效很好，大約在95年12月29日我與 邱玉麟簽立合約，以1年為1期提供大眾新竹帳戶，並簽訂帳戶受任人為徐桂森，下單我事先不知道。代操金額最 高為3000萬元，並約定若帳戶價值超過3150萬元，超過部分一半都是歸邱玉麟所有，但實際上沒有賺這麼多，所以 我沒有付過費用給邱玉麟或伯明翰公司，最終計算是虧損，我與邱玉麟協商後，他願意賠償我1100萬元的損失。9 5年3月至96年1月，大眾新竹帳戶是委託伯明翰的人員操作的。(請見調查局卷證據一：筆錄卷第244頁至第246頁) ●徐桂森稱我可以確認的客戶有：...鮑揚波...。(請見原審卷一第79頁至第79頁反面) ●周仕昌稱除了邱議瑩及何明龍外，和起訴書犯罪事實一(一)所記載信音公司等51位投資人接觸過，我會去跟客戶說 我們公司看好哪些公司。(請見原審卷一第79頁至第79頁反面) ●吳德賢稱係伯明翰公司代操帳戶。(請見本院卷五第182頁反面，吳德賢刑事答辯三狀) ●查鮑揚波係95年12月29日將大眾新竹帳戶委託，並簽訂帳戶受任人為徐桂森，惟95年12月30日至96年1月1日均為休 市日(請見本院卷八第9頁)，故函詢期間僅96年1月2日至96年1月3日。 | L86: =[1]帳戶交易資料按人別帳號日期排序加總!R16505 -> 151 | M86: =[1]帳戶交易資料按人別帳號日期排序加總!S16505 -> 1 | N86: =[1]帳戶交易資料按人別帳號日期排序加總!T16505 -> 12957500 | O86: =[1]帳戶交易資料按人別帳號日期排序加總!U16505 -> 48850 | P86: =L86-M86 -> 150 | Q86: =O86-N86 -> -12908650 | R86: =-Q86/P86/1000 -> 86.057667
A87: 76 | B87: 1-36 | C87: 鄭許炭 | D87: 伯明翰客戶 | E87: 德信營業部 | F87: 6910 | G87: 210175 | H87: 950320 | I87: 列入 | J87: 否 | K87: ●有找吳德賢使用德信帳戶代操股票，期間沒有很長，有一些是自己買賣，吳德賢會問我，幫我買好不好，我就說好 ，他就幫我下單。如果有賺錢，就會包一個紅包給他。(請見原審卷五第143頁至第145頁) ●德信營業員陳秀紅稱：「鄭許炭德信證券帳戶本人有下單，95年1月23日有簽授權書授權徐桂森下單，95年11月24日 簽授權書變更授權吳昇恆下單，2人都是在簽立授權書後才開始下單，吳昇恆開始下單後，徐桂森就沒有下過單了。 2人都是電話下單，價錢及數量都是他們決定。鄭許炭、徐桂森及吳昇恆都有下單信音公司股票，徐桂森及吳昇恆交 易比例約佔7到8成，鄭許炭約佔 2至3成，如果是鄭許炭下單，我會向她回報，如果是徐桂森或吳昇恆下單，我除了 向其2人回報，還有打電話向鄭許炭回報」。(請見調查局卷證據一：筆錄卷第161頁至第162頁) ●徐桂森稱我可以確認的客戶有：...鄭許炭。(請見原審卷一第79頁至第79頁反面) ●吳德賢稱係伯明翰公司代操帳戶。(請見本院卷五第182頁反面，吳德賢刑事答辯三狀) ●吳昇恆稱知道鄭許炭、王慈華、 林定河、黃徐瓊英、陳重榮、陳重叡等客戶。(請見原審卷一79頁反面) ●周仕昌稱除了邱議瑩及何明龍外，和起訴書犯罪事實一(一)所記載信音公司等51位投資人接觸過，我會去跟客戶說 我們公司看好哪些公司。(請見原審卷一第79頁至第79頁反面) | L87: =[1]帳戶交易資料按人別帳號日期排序加總!R17627 -> 1596 | M87: =[1]帳戶交易資料按人別帳號日期排序加總!S17627 -> 540 | N87: =[1]帳戶交易資料按人別帳號日期排序加總!T17627 -> 91861500 | O87: =[1]帳戶交易資料按人別帳號日期排序加總!U17627 -> 44609400 | P87: =L87-M87 -> 1056 | Q87: =O87-N87 -> -47252100 | R87: =-Q87/P87/1000 -> 44.746307
A88: 77 | E88: 統一南京 | F88: 585U | G88: 88222 | H88: 950323 | I88: 列入 | J88: 否 | K88: ●統一的帳戶是我自己下單買賣股票，買信音是買來除權，因為統一的營業員業績不好，所以我才想用統一證券帳戶 買信音股票，給他作業績。(請見原審卷五第143頁至第145頁) ●吳德賢稱係鄭許炭個人使用。(請見本院卷五第182頁反面，吳德賢刑事答辯三狀) | L88: =[1]帳戶交易資料按人別帳號日期排序加總!R17712 -> 175 | M88: =[1]帳戶交易資料按人別帳號日期排序加總!S17712 -> 85 | N88: =[1]帳戶交易資料按人別帳號日期排序加總!T17712 -> 7447900 | O88: =[1]帳戶交易資料按人別帳號日期排序加總!U17712 -> 5949500 | P88: =L88-M88 -> 90 | Q88: =O88-N88 -> -1498400 | R88: =-Q88/P88/1000 -> 16.648889
A89: 78 | B89: 1-37 | C89: 黃徐瓊英 | D89: 伯明翰客戶 | E89: 富邦台北 | F89: 9623 | G89: 273383 | H89: 950322 | I89: 列入 | J89: 否 | K89: ●吳德賢稱係黃徐瓊英個人使用。(請見本院卷五第182頁反面，吳德賢刑事答辯三狀) | L89: =[1]帳戶交易資料按人別帳號日期排序加總!R18146 -> 175 | M89: =[1]帳戶交易資料按人別帳號日期排序加總!S18146 -> 158 | N89: =[1]帳戶交易資料按人別帳號日期排序加總!T18146 -> 7712400 | O89: =[1]帳戶交易資料按人別帳號日期排序加總!U18146 -> 8406750 | P89: =L89-M89 -> 17 | Q89: =O89-N89 -> 694350 | R89: =-Q89/P89/1000 -> -40.844118
A90: 79 | E90: 德信營業部 | F90: 6910 | G90: 211585 | H90: 950403 | I90: 列入 | J90: 是 | K90: ●黃徐瓊英女兒黃齡儀：「95年3、4月間，我母親黃徐瓊英經由德信證券營業員陳秀紅的介紹，認識伯明翰公司周仕昌 ，提供800萬元委由周仕昌代操，我印象中獲利的2成當作佣金，當時有簽委託下單買賣授權書，授權伯明翰公司的吳 昇恆及徐桂森在德信證券的證券帳戶下單買賣股票，有交易時，陳秀紅會向黃徐瓊英回報交易狀況。」(請見調查局 卷證據一：筆錄卷第279頁至第287頁) ●徐桂森稱我可以確認的客戶有：...黃徐瓊英。(請見原審卷一第79頁至第79頁反面) ●吳昇恆稱知道鄭許炭、王慈華、 林定河、黃徐瓊英、陳重榮、陳重叡等客戶。(請見原審卷一79頁反面) ●周仕昌稱除了邱議瑩及何明龍外，和起訴書犯罪事實一(一)所記載信音公司等51位投資人接觸過，我會去跟客戶說我 們公司看好哪些公司。(請見原審卷一第79頁至第79頁反面) ●吳德賢稱係伯明翰公司代操帳戶。(請見本院卷五第182頁反面，吳德賢刑事答辯三狀) | L90: =[1]帳戶交易資料按人別帳號日期排序加總!R17913 -> 254 | M90: =[1]帳戶交易資料按人別帳號日期排序加總!S17913 -> 178 | N90: =[1]帳戶交易資料按人別帳號日期排序加總!T17913 -> 12287450 | O90: =[1]帳戶交易資料按人別帳號日期排序加總!U17913 -> 8296050 | P90: =L90-M90 -> 76 | Q90: =O90-N90 -> -3991400 | R90: =-Q90/P90/1000 -> 52.518421
A91: 80 | B91: 1-38 | C91: 王慈華 | D91: 伯明翰客戶 | E91: 元大南京 | F91: 9887 | G91: 1165883 | H91: 950321 | I91: 列入 | J91: 是 | K91: ●我有委託伯明翰公司代為操作股票，有代操費用，但太久了己不記得，元大南京是伯明翰公司直接下單，中間有賺 有賠，只就信音的話，大致是虧損的是沒有錯。(請見本院卷七第161頁至第163頁) ●徐桂森稱我可以確認的客戶有：...王慈華...(請見原審卷一第79頁至第79頁反面) ●吳昇恆稱知道鄭許炭、王慈華、 林定河、黃徐瓊英、陳重榮、陳重叡等客戶。(請見原審卷一79頁反面) ●周仕昌稱除了邱議瑩及何明龍外，和起訴書犯罪事實一(一)所記載信音公司等51位投資人接觸過，我會去跟客戶說我 們公司看好哪些公司。(請見原審卷一第79頁至第79頁反面) ●吳德賢稱係王慈華個人使用。(請見本院卷五第182頁反面，吳德賢刑事答辯三狀) | L91: =[1]帳戶交易資料按人別帳號日期排序加總!R18550 -> 507 | M91: =[1]帳戶交易資料按人別帳號日期排序加總!S18550 -> 265 | N91: =[1]帳戶交易資料按人別帳號日期排序加總!T18550 -> 22576200 | O91: =[1]帳戶交易資料按人別帳號日期排序加總!U18550 -> 17916750 | P91: =L91-M91 -> 242 | Q91: =O91-N91 -> -4659450 | R91: =-Q91/P91/1000 -> 19.253926
A92: 81 | E92: 華南永昌 (公誠轉讓) | F92: 5090/9300 | G92: 1105485 | H92: 950411 | I92: 列入 | J92: 否 | K92: ●華南永昌是我自己下單的，沒有詢問過伯明翰公司任何人。(請見本院卷七第161頁至第163頁) ●徐桂森稱非伯明翰下單帳戶，係客戶自行使用。(請見本院卷五第176頁，徐桂森及吳昌恆105/9/29刑事陳報狀) ●吳德賢稱係王慈華個人使用。(請見本院卷五第182頁反面，吳德賢刑事答辯三狀) | L92: =[1]帳戶交易資料按人別帳號日期排序加總!R18152 -> 5 | M92: =[1]帳戶交易資料按人別帳號日期排序加總!S18152 -> 0 | N92: =[1]帳戶交易資料按人別帳號日期排序加總!T18152 -> 190750 | O92: =[1]帳戶交易資料按人別帳號日期排序加總!U18152 -> 0 | P92: =L92-M92 -> 5 | Q92: =O92-N92 -> -190750 | R92: =-Q92/P92/1000 -> 38.15
A93: 82 | B93: 1-39 | C93: 葉民先 | D93: 伯明翰客戶 | E93: 大華南京 | F93: 572J | G93: 303300 | H93: 950406 | I93: 列入 | J93: 是 | K93: ●本院傳喚未到。 ●周仕昌稱除了邱議瑩及何明龍外，和起訴書犯罪事實一(一)所記載信音公司等51位投資人接觸過，我會去跟客戶說 我們 公司看好哪些公司。(請見原審卷一第79頁至第79頁反面) ●吳德賢稱係伯明翰公司代操帳戶。(請見本院卷五第182頁反面，吳德賢刑事答辯三狀) ● 另扣押物編號35：吳昌恒隨身碟目錄、路徑\客戶檔案 022008檔案目錄及內含OLD頁面工作表、010207頁面工 作表、011907頁面工作表及061307等頁面工作表之螢幕擷取畫面及完整工作表頁面列印資料均顯示： 「"葉民先"、電話欄列示"0910-279-376"及傳真-EMAIL欄列示"02-2731-3348 ufpa4560@ms5.hinet.net"及"大華-林路芬 02-25123432(速撥107) 02-25019288(速撥108)"」等字樣，故葉民先應係伯明翰公司於代操客戶帳戶之一。(請見本院 卷八第209頁至第217頁） | L93: =[1]帳戶交易資料按人別帳號日期排序加總!R18778 -> 222 | M93: =[1]帳戶交易資料按人別帳號日期排序加總!S18778 -> 192 | N93: =[1]帳戶交易資料按人別帳號日期排序加總!T18778 -> 8323850 | O93: =[1]帳戶交易資料按人別帳號日期排序加總!U18778 -> 10491550 | P93: =L93-M93 -> 30 | Q93: =O93-N93 -> 2167700 | R93: =-Q93/P93/1000 -> -72.256667
A94: 83 | B94: 1-40 | C94: 周仕昌 | D94: 被告 | E94: 復華台北 | F94: 950H | G94: 361133 | H94: 950731 | I94: 列入 | J94: 是 | K94: ●復華台北是伯明翰公司之oint Account帳戶。(本院卷七第86頁反面) ●吳德賢稱係伯明翰公司Joint Account帳戶。(請見本院卷五第182頁反面，吳德賢刑事答辯三狀) | L94: =[1]帳戶交易資料按人別帳號日期排序加總!R19148 -> 1195 | M94: =[1]帳戶交易資料按人別帳號日期排序加總!S19148 -> 925 | N94: =[1]帳戶交易資料按人別帳號日期排序加總!T19148 -> 56880200 | O94: =[1]帳戶交易資料按人別帳號日期排序加總!U19148 -> 36313300 | P94: =L94-M94 -> 270 | Q94: =O94-N94 -> -20566900 | R94: =-Q94/P94/1000 -> 76.173704
A95: 84 | E95: 台証証券 | F95: 9471 | G95: 15683 | H95: 950927 | I95: 未列 | J95: 否 | K95: ●我個人使用。(本院卷七第86頁反面) ●徐桂森稱係周仕昌個人使用。(請見本院卷五第176頁，徐桂森及吳昌恆105/9/29刑事陳報狀) ●吳德賢稱係周仕昌個人使用。(請見本院卷五第183頁，吳德賢刑事答辯三狀) | L95: =[1]帳戶交易資料按人別帳號日期排序加總!R18784 -> 3 | M95: =[1]帳戶交易資料按人別帳號日期排序加總!S18784 -> 3 | N95: =[1]帳戶交易資料按人別帳號日期排序加總!T18784 -> 137700 | O95: =[1]帳戶交易資料按人別帳號日期排序加總!U18784 -> 125550 | P95: =L95-M95 -> 0 | Q95: =O95-N95 -> -12150 | R95: 0
A96: 85 | E96: 元大京華 | F96: 9887 | G96: 1141069 | H96: 951127 | I96: 列入 | J96: 否 | K96: ●我個人使用。(本院卷七第86頁反面) ●吳德賢稱係周仕昌個人使用。(請見本院卷五第183頁，吳德賢刑事答辯三狀) | L96: =[1]帳戶交易資料按人別帳號日期排序加總!R18861 -> 50 | M96: =[1]帳戶交易資料按人別帳號日期排序加總!S18861 -> 50 | N96: =[1]帳戶交易資料按人別帳號日期排序加總!T18861 -> 3970700 | O96: =[1]帳戶交易資料按人別帳號日期排序加總!U18861 -> 3584500 | P96: =L96-M96 -> 0 | Q96: =O96-N96 -> -386200 | R96: 0
A97: 86 | B97: 1-41 | C97: 闕逸祥 | D97: 被告 | E97: 復華台北 | F97: 950H | G97: 346129 | H97: 950310 | I97: 列入 | J97: 是 | K97: ●(提示：起訴書附表編號1-41至1-45帳戶資料)(問：以下除了你的大華帳戶是自己使用外，其他都是伯明翰公司的 Joint Account帳戶?)是，沒有意見。(請見本院卷七第86頁反面至第87頁) ●復華證券台北分公司營業員闕美玲稱：「(問：闕逸祥、闕壯棋、陳柔均、闕美惠、闕逸芃都是伯明翰公司 的客 戶嗎？) 都不是，但是是闕逸祥把這五個帳戶借給徐桂森他們公司使用。」、「下單的人是徐桂森」等語(請見原 審卷四第9頁) ●徐桂森稱：「 (問：上次開庭闕逸祥提到，他提供的帳戶都是你們公司在使用？) 是。 (問： 那幾個帳戶下單的資 料是你們公司下單的資料嗎？) 是。(請見原審卷四第94頁) ●吳德賢稱係伯明翰公司Joint Account帳戶。(請見本院卷五第183頁，吳德賢刑事答辯三狀) | L97: =[1]帳戶交易資料按人別帳號日期排序加總!R20731 -> 2749 | M97: =[1]帳戶交易資料按人別帳號日期排序加總!S20731 -> 2529 | N97: =[1]帳戶交易資料按人別帳號日期排序加總!T20731 -> 98203400 | O97: =[1]帳戶交易資料按人別帳號日期排序加總!U20731 -> 141536150 | P97: =L97-M97 -> 220 | Q97: =O97-N97 -> 43332750 | R97: =-Q97/P97/1000 -> -196.96705
A98: 87 | E98: 大華證券 | F98: 5720 | G98: 342920 | H98: 951102 | I98: 未列 | J98: 否 | K98: ●徐桂森稱係闕逸祥個人使用。(請見本院卷五第176頁，徐桂森及吳昌恆105/9/29刑事陳報狀) ●吳德賢稱係闕逸祥個人使用。(請見本院卷五第183頁，吳德賢刑事答辯三狀) | L98: =[1]帳戶交易資料按人別帳號日期排序加總!R19245 -> 137 | M98: =[1]帳戶交易資料按人別帳號日期排序加總!S19245 -> 120 | N98: =[1]帳戶交易資料按人別帳號日期排序加總!T19245 -> 7609000 | O98: =[1]帳戶交易資料按人別帳號日期排序加總!U19245 -> 5730200 | P98: =L98-M98 -> 17 | Q98: =O98-N98 -> -1878800 | R98: =-Q98/P98/1000 -> 110.51765
A99: 88 | B99: 1-42 | C99: 闕壯棋 | D99: 被告 闕逸祥父親 | E99: 群益宜蘭 | F99: 527x | G99: 213026 | H99: 950310 | I99: 列入 | J99: 否 | K99: ●吳德賢稱係闕壯棋個人使用。(請見本院卷五第183頁，吳德賢刑事答辯三狀) | L99: =[1]帳戶交易資料按人別帳號日期排序加總!R20845 -> 290 | M99: =[1]帳戶交易資料按人別帳號日期排序加總!S20845 -> 302 | N99: =[1]帳戶交易資料按人別帳號日期排序加總!T20845 -> 9365450 | O99: =[1]帳戶交易資料按人別帳號日期排序加總!U20845 -> 10805600 | P99: =L99-M99 -> -12 | Q99: =O99-N99 -> 1440150 | R99: 0
A100: 89 | E100: 復華台北 | F100: 950H | G100: 346080 | H100: 950313 | I100: 列入 | J100: 是 | K100: ●(提示：起訴書附表編號1-41至1-45帳戶資料)(問：以下除了你的大華帳戶是自己使用外，其他都是伯明翰公司的 Joint Account帳戶?)是，沒有意見。(請見本院卷七第86頁反面至第87頁) ●復華證券台北分公司營業員闕美玲稱：「(問：闕逸祥、闕壯棋、陳柔均、闕美惠、闕逸芃都是伯明翰公司 的客 戶嗎？) 都不是，但是是闕逸祥把這五個帳戶借給徐桂森他們公司使用。」、「下單的人是徐桂森」等語(請見原 審卷四第9頁) ●徐桂森稱：「 (問：上次開庭闕逸祥提到，他提供的帳戶都是你們公司在使用？) 是。 (問： 那幾個帳戶下單的資 料是你們公司下單的資料嗎？) 是。(請見原審卷四第94頁) ●吳德賢稱係伯明翰公司Joint Account帳戶。(請見本院卷五第183頁，吳德賢刑事答辯三狀) | L100: =[1]帳戶交易資料按人別帳號日期排序加總!R21569 -> 1153 | M100: =[1]帳戶交易資料按人別帳號日期排序加總!S21569 -> 796 | N100: =[1]帳戶交易資料按人別帳號日期排序加總!T21569 -> 59349950 | O100: =[1]帳戶交易資料按人別帳號日期排序加總!U21569 -> 39902400 | P100: =L100-M100 -> 357 | Q100: =O100-N100 -> -19447550 | R100: =-Q100/P100/1000 -> 54.47493
A101: 90 | B101: 1-43 | C101: 闕逸芃 | D101: 被告 闕逸祥兄 | E101: 復華台北 | F101: 950H | G101: 346035 | H101: 950314 | I101: 列入 | J101: 是 | K101: ●(提示：起訴書附表編號1-41至1-45帳戶資料)(問：以下除了你的大華帳戶是自己使用外，其他都是伯明翰公司的 Joint Account帳戶?)是，沒有意見。(請見本院卷七第86頁反面至第87頁) ●復華證券台北分公司營業員闕美玲稱：「(問：闕逸祥、闕壯棋、陳柔均、闕美惠、闕逸芃都是伯明翰公司 的客 戶嗎？) 都不是，但是是闕逸祥把這五個帳戶借給徐桂森他們公司使用。」、「下單的人是徐桂森」等語(請見原 審卷四第9頁) ●徐桂森稱：「 (問：上次開庭闕逸祥提到，他提供的帳戶都是你們公司在使用？) 是。 (問： 那幾個帳戶下單的資 料是你們公司下單的資料嗎？) 是。(請見原審卷四第94頁) ●吳德賢稱係伯明翰公司Joint Account帳戶。(請見本院卷五第183頁，吳德賢刑事答辯三狀) | L101: =[1]帳戶交易資料按人別帳號日期排序加總!R22294 -> 879 | M101: =[1]帳戶交易資料按人別帳號日期排序加總!S22294 -> 656 | N101: =[1]帳戶交易資料按人別帳號日期排序加總!T22294 -> 45675250 | O101: =[1]帳戶交易資料按人別帳號日期排序加總!U22294 -> 37994450 | P101: =L101-M101 -> 223 | Q101: =O101-N101 -> -7680800 | R101: =-Q101/P101/1000 -> 34.443049
...
